Workbook

Sheet Métaprofil (P)
A1: N° | B1: Enoncés | C1: N° | D1: Points
A2: 1 | B2: Lorsque vous êtes présenté à quelqu'un pour la première fois
B3: Il vous suffit d'un regard pour vous en faire une bonne idée. | C3: 1 | D3: 1 (c'est peut-être moi)
B4: Vous pouvez vous faire une bonne idée de lui après 5 minutes de comversation | C4: 2 | D4: 1 (c'est peut-être moi)
B5: Rien qu'en lui serrant la main, vous savez déjà à qui vous avez affaire. | C5: 3 | D5: 1 (c'est peut-être moi)
A6: 2 | B6: Vous apprenez une langue étrangère
B7: Vous vous répétez les mots de vocabulaire et les phrases types à haute voix. | C7: 4 | D7: 1 (c'est peut-être moi)
B8: Vous photographiez dans votre tête les mots nouveaux. | C8: 5 | D8: 1 (c'est peut-être moi)
B9: Vous copiez les mots nouveaux et les répétez en marchant | C9: 6 | D9: 1 (c'est peut-être moi)
A10: 3 | B10: Lorsque vous rentrez chez vous après une journée de travail (ou d'entrainement intense)
B11: Retrouver votre appartement si bien rangé et décoré vous repose. | C11: 7 | D11: 1 (c'est peut-être moi)
B12: Ecouter de la musique ou votre entourage raconter sa journée vous repose. | C12: 8 | D12: 1 (c'est peut-être moi)
B13: Embrasser votre entourage et vous blottir sur un canapé moelleux vous repose. | C13: 9 | D13: 1 (c'est peut-être moi)
A14: 4 | B14: En groupe, pour choisir un restaurant dans une ville inconnue
B15: Vous savez vous-même comment procéder. | C15: 10 | D15: 1 (c'est peut-être moi)
B16: Vous faites confiance aux autres personnes du groupe. | C16: 11 | D16: 1 (c'est peut-être moi)
A17: 5 | B17: Lorsque vous racontez un voyage
B18: Vous donnez toutes sortes d'informations. | C18: 12 | D18: 1 (c'est peut-être moi)
B19: Vous précisez le détail des activités. | C19: 13 | D19: 1 (c'est peut-être moi)
B20: Vous décrivez l'endroit, donnez des détails sur les lieux. | C20: 14 | D20: 1 (c'est peut-être moi)
B21: Vous parlez surtout des personnes. | C21: 15 | D21: 1 (c'est peut-être moi)
B22: Vous évoquez les objets, l'artisanat, ce que vous avez peut-être acheté. | C22: 16 | D22: 1 (c'est peut-être moi)
A23: 6 | B23: En visitant une exposition
B24: Vous regardez d'abord largement l'ensemble, la structure globale. | C24: 17 | D24: 1 (c'est peut-être moi)
B25: Vous êtes tout de suite attiré par un détail ou un tableau. | C25: 18 | D25: 1 (c'est peut-être moi)
A26: 7 | B26: Lorsque vous arrivez dans une nouvelle salle de travail
B27: Vous remarquez tout de suite ce qui va vous manquer peu de lumière, température mal réglée, mauvaise acoustique. | C27: 19 | D27: 1 (c'est peut-être moi)
B28: Vous appréciez d'abord tout ce qui vous convient. | C28: 20 | D28: 1 (c'est peut-être moi)
A29: 8 | B29: En ouvrant la lettre de votre ami le jour de votre anniversaire
B30: Vous avez le cœur qui bat d'émotion. | C30: 21 | D30: 1 (c'est peut-être moi)
B31: Vous restez calme jusqu'à ce que vous ayez lu…et parfois même après. | C31: 22 | D31: 1 (c'est peut-être moi)
A32: 9 | B32: Pour vous le printemps c'est
B33: Le chant si particulier des oiseaux, le matin. | C33: 23 | D33: 1 (c'est peut-être moi)
B34: Cette symphonie de vert qui vous émerveille. | C34: 24 | D34: 1 (c'est peut-être moi)
B35: Le renouveau qui vous fait vibrer intérieurement. | C35: 25 | D35: 1 (c'est peut-être moi)
A36: 10 | B36: Pour le choix des vacances
B37: Vous acceptez volontiers l'idée des autres membres de la famille ou des amis. | C37: 26 | D37: 1 (c'est peut-être moi)
B38: Généralement c'est vous qui aimez proposer. | C38: 27 | D38: 1 (c'est peut-être moi)
A39: 11 | B39: Lorsque vous avez beaucoup à faire en même temps
B40: Vous voyez la succession de toutes vos tâches de manière organisée. | C40: 28 | D40: 1 (c'est peut-être moi)
B41: Vous répétez dans votre tête les tâches à accomplir. | C41: 29 | D41: 1 (c'est peut-être moi)
B42: Vous vous plongez dans l'action et avancez le plus vite possible. | C42: 30 | D42: 1 (c'est peut-être moi)
A43: 12 | B43: Lorsqu'un de vos collègues de travail se confie à vous | D43: 1 (c'est peut-être moi)
B44: Vous avez une grande facilité à vous laisser émouvoir par son discours. | C44: 31 | D44: 1 (c'est peut-être moi)
B45: Vous l'écoutez ou l'aidez sans forcément impliquer vos émotions. | C45: 32 | D45: 1 (c'est peut-être moi)
A46: 13 | B46: Lorsque vous assistez à un spectacle | D46: 1 (c'est peut-être moi)
B47: Vous êtes exigeant, votre sens critique est connu. | C47: 33 | D47: 1 (c'est peut-être moi)
B48: Vous êtes plutôt "bon public" et appréciez ce qui est présenté. | C48: 34 | D48: 1 (c'est peut-être moi)
A49: 14 | B49: Lors de la visite d'un appartement à louer | D49: 1 (c'est peut-être moi)
B50: Vous vous faites une idée globale des avantages et inconvénients du lieu. | C50: 35 | D50: 1 (c'est peut-être moi)
B51: Vous avez besoin de considérer tous les détails pour vous faire une opinion. | C51: 36 | D51: 1 (c'est peut-être moi)
A52: 15 | B52: Lors de la visite d'un appartement à louer
B53: Vous savez vous-même ce que vous voulez vérifier. | C53: 37 | D53: 1 (c'est peut-être moi)
B54: Vous vous laisser guider par votre colocataire ou l'employé de l'agence. | C54: 38 | D54: 1 (c'est peut-être moi)
A55: 16 | B55: Ce que vous retenez de votre enfance
B56: Diverses informations toutes personnelles. | C56: 39 | D56: 1 (c'est peut-être moi)
B57: Les activités auxquelles vous consacriez du temps. | C57: 40 | D57: 1 (c'est peut-être moi)
B58: Toutes les choses et objets qui faisaient votre quotidien. | C58: 41 | D58: 1 (c'est peut-être moi)
B59: Les personnes qui ont compté pour vous. | C59: 42 | D59: 1 (c'est peut-être moi)
B60: Surtout les lieux où vous passiez votre temps. | C60: 43 | D60: 1 (c'est peut-être moi)
A61: 17 | B61: Lorsque vous choississez une destination de vacances, ou un billet d'avion vous
B62: Survolez globalement les offres. | C62: 44 | D62: 1 (c'est peut-être moi)
B63: Êtes attentif à tous les détails. | C63: 45 | D63: 1 (c'est peut-être moi)
A64: 18 | B64: Vous devez vous rendre pour la première fois dans un lieu que vous ne connaissez pas et quelqu'un vous explique comment faire
B65: Vous vous en faîtes un schéma dans votre tête. | C65: 46 | D65: 1 (c'est peut-être moi)
B66: Vous vous imaginez en train de suivre le chemin indiqué et sentez tout de suite si les informations vous conviennent. | C66: 47 | D66: 1 (c'est peut-être moi)
B67: Vous enregistrez ce qu'il vous dit oralement, vous lui répétez pour confirmation, et en général, cela vous suffit. | C67: 48 | D67: 1 (c'est peut-être moi)
A68: 19 | B68: Vous recevez une lettre d'un être cher
B69: Vous lisez attentivement et imaginez votre ami en train de vous écrire. | C69: 49 | D69: 1 (c'est peut-être moi)
B70: Vous êtes sensible à la texture du papier, à l'odeur qui l'accompagne, et vous sentez proche de votre ami. | C70: 50 | D70: 1 (c'est peut-être moi)
B71: Vous entendez la lettre dans votre tête comme si votre ami vous parlait. | C71: 51 | D71: 1 (c'est peut-être moi)
A72: 20 | B72: Dans la rue, lorsqu'un parent réprimande sévèrement un enfant
B73: Vous le remarquez à peine, ça ne vous concerne pas. | C73: 52 | D73: 1 (c'est peut-être moi)
B74: Vous imaginez ce que l'enfant ressent et ça vous fait mal. | C74: 53 | D74: 1 (c'est peut-être moi)
A75: 21 | B75: Lorsque vous assistez à une conférence ou une explication par un guide touristique
B76: La moindre inconhérence vous frappe. | C76: 54 | D76: 1 (c'est peut-être moi)
B77: Vous êtes sensible à la cohérence de l'ensemble. | C77: 55 | D77: 1 (c'est peut-être moi)
A78: 22 | B78: Lorsque vous organisez une soirée pour un groupe d'amis
B79: Vous êtes attentif au choix du lieu. | C79: 56 | D79: 1 (c'est peut-être moi)
B80: Ce sont surtout les personnes qui comptent. | C80: 57 | D80: 1 (c'est peut-être moi)
B81: Vous prévoyez les activités pour la soirée. | C81: 58 | D81: 1 (c'est peut-être moi)
B82: Vous recueillez toutes sortes de renseignements avant de mettre au point le déroulement : goûts des convives, leurs disponibilités, la nature de leurs relations, ce qu'ils connaissent déjà… | C82: 59 | D82: 1 (c'est peut-être moi)
B83: Vous prévoyez une décoration de table que vos amis pourront emporter. | C83: 60 | D83: 1 (c'est peut-être moi)
A84: 23 | B84: Si vous lisez un journal
B85: Vous le lisez dans les moindres détails. | C85: 61 | D85: 1 (c'est peut-être moi)
B86: Vous le parcourez dans les grandes lignes. | C86: 62 | D86: 1 (c'est peut-être moi)
A87: 24 | B87: Si vous parlez de votre travail à un vieil ami rencontré par hasard
B88: Vous lui expliquez ce qui vous satisfait. | C88: 63 | D88: 1 (c'est peut-être moi)
B89: Vous lui expliquez ce qui mériterait d'être amélioré. | C89: 64 | D89: 1 (c'est peut-être moi)
A90: 25 | B90: En essayant un vêtement qui a attiré votre attention dans un magasin
B91: Vous remarquez immédiatement ce qui ne vous avantage pas vraiment. | C91: 65 | D91: 1 (c'est peut-être moi)
B92: S'il est à votre taille, vous vous trouvez généralement bien. | C92: 66 | D92: 1 (c'est peut-être moi)
A93: 26 | B93: Si votre chez vous fait une remarque critique
B94: Vous êtes sensible à ce qu'il vous dit au point de ne savoir quoi répondre. | C94: 67 | D94: 1 (c'est peut-être moi)
B95: Vous gardez de la distance et savez tout de suite quoi répondre. | C95: 68 | D95: 1 (c'est peut-être moi)
A96: 27 | B96: Lorsque vous visitez une ville pour la première fois
B97: Vous cherchez rapidement le genre de souvenir à rapporter chez vous. | C97: 69 | D97: 1 (c'est peut-être moi)
B98: Vous vous préoccupez des activités possibles à cet endroit. | C98: 70 | D98: 1 (c'est peut-être moi)
B99: Vous êtes d'abord attentif au lieu, à ses habitations et au paysage. | C99: 71 | D99: 1 (c'est peut-être moi)
B100: Vous cherchez à connaître les habitants de cet endroit. | C100: 72 | D100: 1 (c'est peut-être moi)
...

Sheet Résultats (P)
A1: Cadre de référence | E1: Contenu | O1: Cadrage | S1: Filtre sensoriel | Y1: Position | AC1: Orientation
A2: Soi | C2: Autre | E2: Infos | G2: Personnes | I2: Lieux | K2: Choses | M2: Activités | O2: Etroit | Q2: Large | S2: Visuel | U2: Auditif | W2: Kinesthésique | Y2: Associé | AA2: Dissocié | AC2: Présence | AE2: Manque
A3: 10 | B3: =VALUE(LEFT(INDEX('Métaprofil (P)'!$D:$D,MATCH(A3,'Métaprofil (P)'!$C:$C,0)),1)) -> 1 | C3: 11 | D3: =VALUE(LEFT(INDEX('Métaprofil (P)'!$D:$D,MATCH(C3,'Métaprofil (P)'!$C:$C,0)),1)) -> 1 | E3: 12 | F3: =VALUE(LEFT(INDEX('Métaprofil (P)'!$D:$D,MATCH(E3,'Métaprofil (P)'!$C:$C,0)),1)) -> 1 | G3: 15 | H3: =VALUE(LEFT(INDEX('Métaprofil (P)'!$D:$D,MATCH(G3,'Métaprofil (P)'!$C:$C,0)),1)) -> 1 | I3: 14 | J3: =VALUE(LEFT(INDEX('Métaprofil (P)'!$D:$D,MATCH(I3,'Métaprofil (P)'!$C:$C,0)),1)) -> 1 | K3: 16 | L3: =VALUE(LEFT(INDEX('Métaprofil (P)'!$D:$D,MATCH(K3,'Métaprofil (P)'!$C:$C,0)),1)) -> 1 | M3: 13 | N3: =VALUE(LEFT(INDEX('Métaprofil (P)'!$D:$D,MATCH(M3,'Métaprofil (P)'!$C:$C,0)),1)) -> 1 | O3: 18 | P3: =VALUE(LEFT(INDEX('Métaprofil (P)'!$D:$D,MATCH(O3,'Métaprofil (P)'!$C:$C,0)),1)) -> 1 | Q3: 17 | R3: =VALUE(LEFT(INDEX('Métaprofil (P)'!$D:$D,MATCH(Q3,'Métaprofil (P)'!$C:$C,0)),1)) -> 1 | S3: 1 | T3: =VALUE(LEFT(INDEX('Métaprofil (P)'!$D:$D,MATCH(S3,'Métaprofil (P)'!$C:$C,0)),1)) -> 1 | U3: 2 | V3: =VALUE(LEFT(INDEX('Métaprofil (P)'!$D:$D,MATCH(U3,'Métaprofil (P)'!$C:$C,0)),1)) -> 1 | W3: 3 | X3: =VALUE(LEFT(INDEX('Métaprofil (P)'!$D:$D,MATCH(W3,'Métaprofil (P)'!$C:$C,0)),1)) -> 1 | Y3: 21 | Z3: =VALUE(LEFT(INDEX('Métaprofil (P)'!$D:$D,MATCH(Y3,'Métaprofil (P)'!$C:$C,0)),1)) -> 1 | AA3: 22 | AB3: =VALUE(LEFT(INDEX('Métaprofil (P)'!$D:$D,MATCH(AA3,'Métaprofil (P)'!$C:$C,0)),1)) -> 1 | AC3: 20 | AD3: =VALUE(LEFT(INDEX('Métaprofil (P)'!$D:$D,MATCH(AC3,'Métaprofil (P)'!$C:$C,0)),1)) -> 1 | AE3: 19 | AF3: =VALUE(LEFT(INDEX('Métaprofil (P)'!$D:$D,MATCH(AE3,'Métaprofil (P)'!$C:$C,0)),1)) -> 1
A4: 27 | B4: =VALUE(LEFT(INDEX('Métaprofil (P)'!$D:$D,MATCH(A4,'Métaprofil (P)'!$C:$C,0)),1)) -> 1 | C4: 26 | D4: =VALUE(LEFT(INDEX('Métaprofil (P)'!$D:$D,MATCH(C4,'Métaprofil (P)'!$C:$C,0)),1)) -> 1 | E4: 39 | F4: =VALUE(LEFT(INDEX('Métaprofil (P)'!$D:$D,MATCH(E4,'Métaprofil (P)'!$C:$C,0)),1)) -> 1 | G4: 42 | H4: =VALUE(LEFT(INDEX('Métaprofil (P)'!$D:$D,MATCH(G4,'Métaprofil (P)'!$C:$C,0)),1)) -> 1 | I4: 43 | J4: =VALUE(LEFT(INDEX('Métaprofil (P)'!$D:$D,MATCH(I4,'Métaprofil (P)'!$C:$C,0)),1)) -> 1 | K4: 41 | L4: =VALUE(LEFT(INDEX('Métaprofil (P)'!$D:$D,MATCH(K4,'Métaprofil (P)'!$C:$C,0)),1)) -> 1 | M4: 40 | N4: =VALUE(LEFT(INDEX('Métaprofil (P)'!$D:$D,MATCH(M4,'Métaprofil (P)'!$C:$C,0)),1)) -> 1 | O4: 36 | P4: =VALUE(LEFT(INDEX('Métaprofil (P)'!$D:$D,MATCH(O4,'Métaprofil (P)'!$C:$C,0)),1)) -> 1 | Q4: 35 | R4: =VALUE(LEFT(INDEX('Métaprofil (P)'!$D:$D,MATCH(Q4,'Métaprofil (P)'!$C:$C,0)),1)) -> 1 | S4: 5 | T4: =VALUE(LEFT(INDEX('Métaprofil (P)'!$D:$D,MATCH(S4,'Métaprofil (P)'!$C:$C,0)),1)) -> 1 | U4: 4 | V4: =VALUE(LEFT(INDEX('Métaprofil (P)'!$D:$D,MATCH(U4,'Métaprofil (P)'!$C:$C,0)),1)) -> 1 | W4: 6 | X4: =VALUE(LEFT(INDEX('Métaprofil (P)'!$D:$D,MATCH(W4,'Métaprofil (P)'!$C:$C,0)),1)) -> 1 | Y4: 31 | Z4: =VALUE(LEFT(INDEX('Métaprofil (P)'!$D:$D,MATCH(Y4,'Métaprofil (P)'!$C:$C,0)),1)) -> 1 | AA4: 32 | AB4: =VALUE(LEFT(INDEX('Métaprofil (P)'!$D:$D,MATCH(AA4,'Métaprofil (P)'!$C:$C,0)),1)) -> 1 | AC4: 34 | AD4: =VALUE(LEFT(INDEX('Métaprofil (P)'!$D:$D,MATCH(AC4,'Métaprofil (P)'!$C:$C,0)),1)) -> 1 | AE4: 33 | AF4: =VALUE(LEFT(INDEX('Métaprofil (P)'!$D:$D,MATCH(AE4,'Métaprofil (P)'!$C:$C,0)),1)) -> 1
A5: 37 | B5: =VALUE(LEFT(INDEX('Métaprofil (P)'!$D:$D,MATCH(A5,'Métaprofil (P)'!$C:$C,0)),1)) -> 1 | C5: 38 | D5: =VALUE(LEFT(INDEX('Métaprofil (P)'!$D:$D,MATCH(C5,'Métaprofil (P)'!$C:$C,0)),1)) -> 1 | E5: 59 | F5: =VALUE(LEFT(INDEX('Métaprofil (P)'!$D:$D,MATCH(E5,'Métaprofil (P)'!$C:$C,0)),1)) -> 1 | G5: 57 | H5: =VALUE(LEFT(INDEX('Métaprofil (P)'!$D:$D,MATCH(G5,'Métaprofil (P)'!$C:$C,0)),1)) -> 1 | I5: 56 | J5: =VALUE(LEFT(INDEX('Métaprofil (P)'!$D:$D,MATCH(I5,'Métaprofil (P)'!$C:$C,0)),1)) -> 1 | K5: 60 | L5: =VALUE(LEFT(INDEX('Métaprofil (P)'!$D:$D,MATCH(K5,'Métaprofil (P)'!$C:$C,0)),1)) -> 1 | M5: 58 | N5: =VALUE(LEFT(INDEX('Métaprofil (P)'!$D:$D,MATCH(M5,'Métaprofil (P)'!$C:$C,0)),1)) -> 1 | O5: 45 | P5: =VALUE(LEFT(INDEX('Métaprofil (P)'!$D:$D,MATCH(O5,'Métaprofil (P)'!$C:$C,0)),1)) -> 1 | Q5: 44 | R5: =VALUE(LEFT(INDEX('Métaprofil (P)'!$D:$D,MATCH(Q5,'Métaprofil (P)'!$C:$C,0)),1)) -> 1 | S5: 7 | T5: =VALUE(LEFT(INDEX('Métaprofil (P)'!$D:$D,MATCH(S5,'Métaprofil (P)'!$C:$C,0)),1)) -> 1 | U5: 8 | V5: =VALUE(LEFT(INDEX('Métaprofil (P)'!$D:$D,MATCH(U5,'Métaprofil (P)'!$C:$C,0)),1)) -> 1 | W5: 9 | X5: =VALUE(LEFT(INDEX('Métaprofil (P)'!$D:$D,MATCH(W5,'Métaprofil (P)'!$C:$C,0)),1)) -> 1 | Y5: 53 | Z5: =VALUE(LEFT(INDEX('Métaprofil (P)'!$D:$D,MATCH(Y5,'Métaprofil (P)'!$C:$C,0)),1)) -> 1 | AA5: 52 | AB5: =VALUE(LEFT(INDEX('Métaprofil (P)'!$D:$D,MATCH(AA5,'Métaprofil (P)'!$C:$C,0)),1)) -> 1 | AC5: 55 | AD5: =VALUE(LEFT(INDEX('Métaprofil (P)'!$D:$D,MATCH(AC5,'Métaprofil (P)'!$C:$C,0)),1)) -> 1 | AE5: 54 | AF5: =VALUE(LEFT(INDEX('Métaprofil (P)'!$D:$D,MATCH(AE5,'Métaprofil (P)'!$C:$C,0)),1)) -> 1
A6: 84 | B6: =VALUE(LEFT(INDEX('Métaprofil (P)'!$D:$D,MATCH(A6,'Métaprofil (P)'!$C:$C,0)),1)) -> 1 | C6: 85 | D6: =VALUE(LEFT(INDEX('Métaprofil (P)'!$D:$D,MATCH(C6,'Métaprofil (P)'!$C:$C,0)),1)) -> 1 | E6: 73 | F6: =VALUE(LEFT(INDEX('Métaprofil (P)'!$D:$D,MATCH(E6,'Métaprofil (P)'!$C:$C,0)),1)) -> 1 | G6: 72 | H6: =VALUE(LEFT(INDEX('Métaprofil (P)'!$D:$D,MATCH(G6,'Métaprofil (P)'!$C:$C,0)),1)) -> 1 | I6: 71 | J6: =VALUE(LEFT(INDEX('Métaprofil (P)'!$D:$D,MATCH(I6,'Métaprofil (P)'!$C:$C,0)),1)) -> 1 | K6: 69 | L6: =VALUE(LEFT(INDEX('Métaprofil (P)'!$D:$D,MATCH(K6,'Métaprofil (P)'!$C:$C,0)),1)) -> 1 | M6: 70 | N6: =VALUE(LEFT(INDEX('Métaprofil (P)'!$D:$D,MATCH(M6,'Métaprofil (P)'!$C:$C,0)),1)) -> 1 | O6: 61 | P6: =VALUE(LEFT(INDEX('Métaprofil (P)'!$D:$D,MATCH(O6,'Métaprofil (P)'!$C:$C,0)),1)) -> 1 | Q6: 62 | R6: =VALUE(LEFT(INDEX('Métaprofil (P)'!$D:$D,MATCH(Q6,'Métaprofil (P)'!$C:$C,0)),1)) -> 1 | S6: 24 | T6: =VALUE(LEFT(INDEX('Métaprofil (P)'!$D:$D,MATCH(S6,'Métaprofil (P)'!$C:$C,0)),1)) -> 1 | U6: 23 | V6: =VALUE(LEFT(INDEX('Métaprofil (P)'!$D:$D,MATCH(U6,'Métaprofil (P)'!$C:$C,0)),1)) -> 1 | W6: 25 | X6: =VALUE(LEFT(INDEX('Métaprofil (P)'!$D:$D,MATCH(W6,'Métaprofil (P)'!$C:$C,0)),1)) -> 1 | Y6: 67 | Z6: =VALUE(LEFT(INDEX('Métaprofil (P)'!$D:$D,MATCH(Y6,'Métaprofil (P)'!$C:$C,0)),1)) -> 1 | AA6: 68 | AB6: =VALUE(LEFT(INDEX('Métaprofil (P)'!$D:$D,MATCH(AA6,'Métaprofil (P)'!$C:$C,0)),1)) -> 1 | AC6: 63 | AD6: =VALUE(LEFT(INDEX('Métaprofil (P)'!$D:$D,MATCH(AC6,'Métaprofil (P)'!$C:$C,0)),1)) -> 1 | AE6: 64 | AF6: =VALUE(LEFT(INDEX('Métaprofil (P)'!$D:$D,MATCH(AE6,'Métaprofil (P)'!$C:$C,0)),1)) -> 1
A7: 97 | B7: =VALUE(LEFT(INDEX('Métaprofil (P)'!$D:$D,MATCH(A7,'Métaprofil (P)'!$C:$C,0)),1)) -> 1 | C7: 98 | D7: =VALUE(LEFT(INDEX('Métaprofil (P)'!$D:$D,MATCH(C7,'Métaprofil (P)'!$C:$C,0)),1)) -> 1 | E7: 90 | F7: =VALUE(LEFT(INDEX('Métaprofil (P)'!$D:$D,MATCH(E7,'Métaprofil (P)'!$C:$C,0)),1)) -> 1 | G7: 89 | H7: =VALUE(LEFT(INDEX('Métaprofil (P)'!$D:$D,MATCH(G7,'Métaprofil (P)'!$C:$C,0)),1)) -> 1 | I7: 87 | J7: =VALUE(LEFT(INDEX('Métaprofil (P)'!$D:$D,MATCH(I7,'Métaprofil (P)'!$C:$C,0)),1)) -> 1 | K7: 86 | L7: =VALUE(LEFT(INDEX('Métaprofil (P)'!$D:$D,MATCH(K7,'Métaprofil (P)'!$C:$C,0)),1)) -> 1 | M7: 88 | N7: =VALUE(LEFT(INDEX('Métaprofil (P)'!$D:$D,MATCH(M7,'Métaprofil (P)'!$C:$C,0)),1)) -> 1 | O7: 78 | P7: =VALUE(LEFT(INDEX('Métaprofil (P)'!$D:$D,MATCH(O7,'Métaprofil (P)'!$C:$C,0)),1)) -> 1 | Q7: 79 | R7: =VALUE(LEFT(INDEX('Métaprofil (P)'!$D:$D,MATCH(Q7,'Métaprofil (P)'!$C:$C,0)),1)) -> 1 | S7: 28 | T7: =VALUE(LEFT(INDEX('Métaprofil (P)'!$D:$D,MATCH(S7,'Métaprofil (P)'!$C:$C,0)),1)) -> 1 | U7: 29 | V7: =VALUE(LEFT(INDEX('Métaprofil (P)'!$D:$D,MATCH(U7,'Métaprofil (P)'!$C:$C,0)),1)) -> 1 | W7: 30 | X7: =VALUE(LEFT(INDEX('Métaprofil (P)'!$D:$D,MATCH(W7,'Métaprofil (P)'!$C:$C,0)),1)) -> 1 | Y7: 77 | Z7: =VALUE(LEFT(INDEX('Métaprofil (P)'!$D:$D,MATCH(Y7,'Métaprofil (P)'!$C:$C,0)),1)) -> 1 | AA7: 76 | AB7: =VALUE(LEFT(INDEX('Métaprofil (P)'!$D:$D,MATCH(AA7,'Métaprofil (P)'!$C:$C,0)),1)) -> 1 | AC7: 66 | AD7: =VALUE(LEFT(INDEX('Métaprofil (P)'!$D:$D,MATCH(AC7,'Métaprofil (P)'!$C:$C,0)),1)) -> 1 | AE7: 65 | AF7: =VALUE(LEFT(INDEX('Métaprofil (P)'!$D:$D,MATCH(AE7,'Métaprofil (P)'!$C:$C,0)),1)) -> 1
A8: 99 | B8: =VALUE(LEFT(INDEX('Métaprofil (P)'!$D:$D,MATCH(A8,'Métaprofil (P)'!$C:$C,0)),1)) -> 1 | C8: 100 | D8: =VALUE(LEFT(INDEX('Métaprofil (P)'!$D:$D,MATCH(C8,'Métaprofil (P)'!$C:$C,0)),1)) -> 1 | E8: 105 | F8: =VALUE(LEFT(INDEX('Métaprofil (P)'!$D:$D,MATCH(E8,'Métaprofil (P)'!$C:$C,0)),1)) -> 1 | G8: 101 | H8: =VALUE(LEFT(INDEX('Métaprofil (P)'!$D:$D,MATCH(G8,'Métaprofil (P)'!$C:$C,0)),1)) -> 1 | I8: 104 | J8: =VALUE(LEFT(INDEX('Métaprofil (P)'!$D:$D,MATCH(I8,'Métaprofil (P)'!$C:$C,0)),1)) -> 1 | K8: 103 | L8: =VALUE(LEFT(INDEX('Métaprofil (P)'!$D:$D,MATCH(K8,'Métaprofil (P)'!$C:$C,0)),1)) -> 1 | M8: 102 | N8: =VALUE(LEFT(INDEX('Métaprofil (P)'!$D:$D,MATCH(M8,'Métaprofil (P)'!$C:$C,0)),1)) -> 1 | O8: 91 | P8: =VALUE(LEFT(INDEX('Métaprofil (P)'!$D:$D,MATCH(O8,'Métaprofil (P)'!$C:$C,0)),1)) -> 1 | Q8: 92 | R8: =VALUE(LEFT(INDEX('Métaprofil (P)'!$D:$D,MATCH(Q8,'Métaprofil (P)'!$C:$C,0)),1)) -> 1 | S8: 46 | T8: =VALUE(LEFT(INDEX('Métaprofil (P)'!$D:$D,MATCH(S8,'Métaprofil (P)'!$C:$C,0)),1)) -> 1 | U8: 48 | V8: =VALUE(LEFT(INDEX('Métaprofil (P)'!$D:$D,MATCH(U8,'Métaprofil (P)'!$C:$C,0)),1)) -> 1 | W8: 47 | X8: =VALUE(LEFT(INDEX('Métaprofil (P)'!$D:$D,MATCH(W8,'Métaprofil (P)'!$C:$C,0)),1)) -> 1 | Y8: 82 | Z8: =VALUE(LEFT(INDEX('Métaprofil (P)'!$D:$D,MATCH(Y8,'Métaprofil (P)'!$C:$C,0)),1)) -> 1 | AA8: 83 | AB8: =VALUE(LEFT(INDEX('Métaprofil (P)'!$D:$D,MATCH(AA8,'Métaprofil (P)'!$C:$C,0)),1)) -> 1 | AC8: 74 | AD8: =VALUE(LEFT(INDEX('Métaprofil (P)'!$D:$D,MATCH(AC8,'Métaprofil (P)'!$C:$C,0)),1)) -> 1 | AE8: 75 | AF8: =VALUE(LEFT(INDEX('Métaprofil (P)'!$D:$D,MATCH(AE8,'Métaprofil (P)'!$C:$C,0)),1)) -> 1
A9: 113 | B9: =VALUE(LEFT(INDEX('Métaprofil (P)'!$D:$D,MATCH(A9,'Métaprofil (P)'!$C:$C,0)),1)) -> 1 | C9: 112 | D9: =VALUE(LEFT(INDEX('Métaprofil (P)'!$D:$D,MATCH(C9,'Métaprofil (P)'!$C:$C,0)),1)) -> 1 | E9: 118 | F9: =VALUE(LEFT(INDEX('Métaprofil (P)'!$D:$D,MATCH(E9,'Métaprofil (P)'!$C:$C,0)),1)) -> 1 | G9: 115 | H9: =VALUE(LEFT(INDEX('Métaprofil (P)'!$D:$D,MATCH(G9,'Métaprofil (P)'!$C:$C,0)),1)) -> 1 | I9: 116 | J9: =VALUE(LEFT(INDEX('Métaprofil (P)'!$D:$D,MATCH(I9,'Métaprofil (P)'!$C:$C,0)),1)) -> 1 | K9: 114 | L9: =VALUE(LEFT(INDEX('Métaprofil (P)'!$D:$D,MATCH(K9,'Métaprofil (P)'!$C:$C,0)),1)) -> 1 | M9: 117 | N9: =VALUE(LEFT(INDEX('Métaprofil (P)'!$D:$D,MATCH(M9,'Métaprofil (P)'!$C:$C,0)),1)) -> 1 | O9: 93 | P9: =VALUE(LEFT(INDEX('Métaprofil (P)'!$D:$D,MATCH(O9,'Métaprofil (P)'!$C:$C,0)),1)) -> 1 | Q9: 94 | R9: =VALUE(LEFT(INDEX('Métaprofil (P)'!$D:$D,MATCH(Q9,'Métaprofil (P)'!$C:$C,0)),1)) -> 1 | S9: 49 | T9: =VALUE(LEFT(INDEX('Métaprofil (P)'!$D:$D,MATCH(S9,'Métaprofil (P)'!$C:$C,0)),1)) -> 1 | U9: 51 | V9: =VALUE(LEFT(INDEX('Métaprofil (P)'!$D:$D,MATCH(U9,'Métaprofil (P)'!$C:$C,0)),1)) -> 1 | W9: 50 | X9: =VALUE(LEFT(INDEX('Métaprofil (P)'!$D:$D,MATCH(W9,'Métaprofil (P)'!$C:$C,0)),1)) -> 1 | Y9: 106 | Z9: =VALUE(LEFT(INDEX('Métaprofil (P)'!$D:$D,MATCH(Y9,'Métaprofil (P)'!$C:$C,0)),1)) -> 1 | AA9: 107 | AB9: =VALUE(LEFT(INDEX('Métaprofil (P)'!$D:$D,MATCH(AA9,'Métaprofil (P)'!$C:$C,0)),1)) -> 1 | AC9: 81 | AD9: =VALUE(LEFT(INDEX('Métaprofil (P)'!$D:$D,MATCH(AC9,'Métaprofil (P)'!$C:$C,0)),1)) -> 1 | AE9: 80 | AF9: =VALUE(LEFT(INDEX('Métaprofil (P)'!$D:$D,MATCH(AE9,'Métaprofil (P)'!$C:$C,0)),1)) -> 1
A10: 125 | B10: =VALUE(LEFT(INDEX('Métaprofil (P)'!$D:$D,MATCH(A10,'Métaprofil (P)'!$C:$C,0)),1)) -> 1 | C10: 124 | D10: =VALUE(LEFT(INDEX('Métaprofil (P)'!$D:$D,MATCH(C10,'Métaprofil (P)'!$C:$C,0)),1)) -> 1 | E10: 119 | F10: =VALUE(LEFT(INDEX('Métaprofil (P)'!$D:$D,MATCH(E10,'Métaprofil (P)'!$C:$C,0)),1)) -> 1 | G10: 122 | H10: =VALUE(LEFT(INDEX('Métaprofil (P)'!$D:$D,MATCH(G10,'Métaprofil (P)'!$C:$C,0)),1)) -> 1 | I10: 121 | J10: =VALUE(LEFT(INDEX('Métaprofil (P)'!$D:$D,MATCH(I10,'Métaprofil (P)'!$C:$C,0)),1)) -> 1 | K10: 123 | L10: =VALUE(LEFT(INDEX('Métaprofil (P)'!$D:$D,MATCH(K10,'Métaprofil (P)'!$C:$C,0)),1)) -> 1 | M10: 120 | N10: =VALUE(LEFT(INDEX('Métaprofil (P)'!$D:$D,MATCH(M10,'Métaprofil (P)'!$C:$C,0)),1)) -> 1 | O10: 109 | P10: =VALUE(LEFT(INDEX('Métaprofil (P)'!$D:$D,MATCH(O10,'Métaprofil (P)'!$C:$C,0)),1)) -> 1 | Q10: 108 | R10: =VALUE(LEFT(INDEX('Métaprofil (P)'!$D:$D,MATCH(Q10,'Métaprofil (P)'!$C:$C,0)),1)) -> 1 | S10: 126 | T10: =VALUE(LEFT(INDEX('Métaprofil (P)'!$D:$D,MATCH(S10,'Métaprofil (P)'!$C:$C,0)),1)) -> 1 | U10: 128 | V10: =VALUE(LEFT(INDEX('Métaprofil (P)'!$D:$D,MATCH(U10,'Métaprofil (P)'!$C:$C,0)),1)) -> 1 | W10: 127 | X10: =VALUE(LEFT(INDEX('Métaprofil (P)'!$D:$D,MATCH(W10,'Métaprofil (P)'!$C:$C,0)),1)) -> 1 | Y10: 110 | Z10: =VALUE(LEFT(INDEX('Métaprofil (P)'!$D:$D,MATCH(Y10,'Métaprofil (P)'!$C:$C,0)),1)) -> 1 | AA10: 111 | AB10: =VALUE(LEFT(INDEX('Métaprofil (P)'!$D:$D,MATCH(AA10,'Métaprofil (P)'!$C:$C,0)),1)) -> 1 | AC10: 95 | AD10: =VALUE(LEFT(INDEX('Métaprofil (P)'!$D:$D,MATCH(AC10,'Métaprofil (P)'!$C:$C,0)),1)) -> 1 | AE10: 96 | AF10: =VALUE(LEFT(INDEX('Métaprofil (P)'!$D:$D,MATCH(AE10,'Métaprofil (P)'!$C:$C,0)),1)) -> 1
B11: =SUM(B3:B10) -> 8 | D11: =SUM(D3:D10) -> 8 | F11: =SUM(F3:F10) -> 8 | H11: =SUM(H3:H10) -> 8 | J11: =SUM(J3:J10) -> 8 | L11: =SUM(L3:L10) -> 8 | N11: =SUM(N3:N10) -> 8 | P11: =SUM(P3:P10) -> 8 | R11: =SUM(R3:R10) -> 8 | T11: =SUM(T3:T10) -> 8 | V11: =SUM(V3:V10) -> 8 | X11: =SUM(X3:X10) -> 8 | Z11: =SUM(Z3:Z10) -> 8 | AB11: =SUM(AB3:AB10) -> 8 | AD11: =SUM(AD3:AD10) -> 8 | AF11: =SUM(AF3:AF10) -> 8
A12: Cadre de référence | E12: Contenu | O12: Cadrage | S12: Filtre sensoriel | Y12: Position | AC12: Orientation

Sheet Métaprofil (A)
A1: N° | B1: Enoncés | D1: Points
A2: 1 | B2: Lorque vous rentrez de la visite d'un nouveau centre commercial
B3: Vous avez l'impression qu'ils vous en ont mis plein la vue avec leur superbe mise en scène. | C3: 1 | D3: 1 (c'est peut-être moi)
B4: Vous êtes encore assourdi par les slogans publicitaires et devez mettre la sourdine. | C4: 2 | D4: 1 (c'est peut-être moi)
B5: Vous avez conscience qu'ils ont tout fait pour accrocher et conquérir les clients. | C5: 3 | D5: 1 (c'est peut-être moi)
A6: 2 | B6: Souvent face à un problème
B7: Vous le comparez avec une autre situation et en repérez les similitudes | C7: 4 | D7: 1 (c'est peut-être moi)
B8: Vous le comparez avec une autre situation et en repérez les différences. | C8: 5 | D8: 1 (c'est peut-être moi)
A9: 3 | B9: Vous vous apprêtez à passer un entretien très important
B10: Vous en analysez les aspects dans les moindres détails. | C10: 6 | D10: 1 (c'est peut-être moi)
B11: Vous considérez globalement les choses. | C11: 7 | D11: 1 (c'est peut-être moi)
A12: 4 | B12: Lorsqu'on vous propose quelques choses
B13: Vous avez tendance à être plutôt d'accord même si vous nuancez ensuite ces accords. | C13: 8 | D13: 1 (c'est peut-être moi)
B14: Vous avez tendance à être émettre d'emblée les objections avant de donner éventuellement votre accord. | C14: 9 | D14: 1 (c'est peut-être moi)
A15: 5 | B15: Lorsque vous pensez à votre entretien conflictuel du jour
B16: Vous êtes envahi d'émotions. | C16: 10 | D16: 1 (c'est peut-être moi)
B17: Vous prenez facilement de la distance. | C17: 11 | D17: 1 (c'est peut-être moi)
A18: 6 | B18: Pour évaluer une nouvelle procédure
B19: Vous la comparer à l'ancienne. | C19: 12 | D19: 1 (c'est peut-être moi)
B20: Vous la testez dans l'instant. | C20: 13 | D20: 1 (c'est peut-être moi)
B21: Vous prévoyez ce que ça va donner à moyen terme. | C21: 14 | D21: 1 (c'est peut-être moi)
B22: Vous la considérez à travers le temps dans son évolution. | C22: 15 | D22: 1 (c'est peut-être moi)
A23: 7 | B23: Pour analyser une information
B24: Vous vous fiez généralement à votre bon sens. | C24: 16 | D24: 1 (c'est peut-être moi)
B25: Vous prenez des informations auprès de quelqu'un. | C25: 17 | D25: 1 (c'est peut-être moi)
A26: 8 | B26: Dans une situation de crise
B27: Vous vous fiez à votre bon sens pour conseiller les gens en difficultés. | C27: 18 | D27: 1 (c'est peut-être moi)
B28: Vous vous fiez à votre bon sens pour savoir quoi faire pour vous-même. | C28: 19 | D28: 1 (c'est peut-être moi)
B29: Vous vous fiez à votrebon sens pour conseiller les gens en difficultés mais savez demander conseil pour vous-même. | C29: 20 | D29: 1 (c'est peut-être moi)
B30: Vous prenez des informations et les transmettez aux autres. | C30: 21 | D30: 1 (c'est peut-être moi)
B31: Vous recueillez des informations en priorité pour vous-même. | C31: 22 | D31: 1 (c'est peut-être moi)
A32: 8 | B32: Pour choisir une profession
B33: Le mieux est de faire un stage. | C33: 23 | D33: 1 (c'est peut-être moi)
B34: L'idéal est de pouvoir observer divers professionnels en train de travailler. | C34: 24 | D34: 1 (c'est peut-être moi)
B35: L'idéal est de pouvoir discuter avec divers professionnels compétents. | C35: 25 | D35: 1 (c'est peut-être moi)
A36: 10 | B36: Pour choisir une profession
B37: Il faut comparer les métiers et trouver en quoi ils se ressemblent. | C37: 26 | D37: 1 (c'est peut-être moi)
B38: Il faut comparer les métiers et trouver en quoi ils sont différents. | C38: 27 | D38: 1 (c'est peut-être moi)
A39: 11 | B39: Pour choisir une destination de vacances
B40: Il vaut mieux bien connaître les différentes possibilités pour faire un bon choix. | C40: 28 | D40: 1 (c'est peut-être moi)
B41: Il suffit d'avoir une idée générale pour savoir si c'est intéressant. | C41: 29 | D41: 1 (c'est peut-être moi)
A42: 12 | B42: Face à un nouveau projet
B43: On peut compter sur vous pour anticiper les éventuelles difficultés. | C43: 30 | D43: 1 (c'est peut-être moi)
B44: En général, vous êtes plutôt favorable. | C44: 31 | D44: 1 (c'est peut-être moi)
A45: 13 | B45: Lorsque vous pensez à votre enfance
B46: Vous pouvez vous en détacher, ce sont des souvenirs que vous savez gérer. | C46: 32 | D46: 1 (c'est peut-être moi)
B47: Vous ne pouvez y penser sans ressentir de la mélancolie. | C47: 33 | D47: 1 (c'est peut-être moi)
A48: 14 | B48: Pour décider du choix d'une voiture
B49: Vous savez déjà ce qui vous a rendu les meilleures services, vous en tenez compte. | C49: 34 | D49: 1 (c'est peut-être moi)
B50: Vous prévoyez ce dont vous aurez besoin dans les prochaines années, vous en tenez compte. | C50: 35 | D50: 1 (c'est peut-être moi)
B51: Rien n'est prévisible, vous décidez en fonction de vos besoins actuels, ensuite vous aviserez. | C51: 36 | D51: 1 (c'est peut-être moi)
B52: Vous réfléchissez compte tenu de votre expérience et de vos besoins futurs de façon à faire un choix durable. | C52: 37 | D52: 1 (c'est peut-être moi)
A53: 15 | B53: Pour réajuster un modèle | D53: 1 (c'est peut-être moi)
B54: Vous consultez beaucoup de documentation, des personnes compétentes avant de prendre une option. | C54: 38 | D54: 1 (c'est peut-être moi)
B55: Vous faites confiance à votre créativité et décidez selon votre génie propre. | C55: 39 | D55: 1 (c'est peut-être moi)
A56: 16 | B56: Votre nouveau modèle, vous pensez devoir l'appliquer | D56: 1 (c'est peut-être moi)
B57: Généralement d'abord à vous-même. | C57: 40 | D57: 1 (c'est peut-être moi)
B58: Tout de suite à tous ceux qui en ont besoin. | C58: 41 | D58: 1 (c'est peut-être moi)
B59: A tous ceux qui en ont besoin mais ça ne vous empêche pas d'en chercher un autre pour vous. | C59: 42 | D59: 1 (c'est peut-être moi)
A60: 17 | B60: Un nouveau logiciel vous est envoyé | D60: 1 (c'est peut-être moi)
B61: Vous le conseillez à ceux qui ne le connaissent pas encore. | C61: 43 | D61: 1 (c'est peut-être moi)
B62: Vous le testez tout de suite. | C62: 44 | D62: 1 (c'est peut-être moi)
A63: 18 | B63: Lorsque vous vous remémorez un groupe de travail sympathique | D63: 1 (c'est peut-être moi)
B64: Vous revoyez vos collègues, chacun à sa place comme si vous y étiez encore. | C64: 45 | D64: 1 (c'est peut-être moi)
B65: Vous vous rappelez les longues conversations durant les pauses et le rire de votre collègue. | C65: 46 | D65: 1 (c'est peut-être moi)
B66: Il vous reste l'ambiance chaleureuse de cette équipe où tous tiraient à la même corde. | C66: 47 | D66: 1 (c'est peut-être moi)
A67: 19 | B67: Lorsque vous vous remémorez votre emploi à ses débuts | D67: 1 (c'est peut-être moi)
B68: Vous ne pouvez vous empêcher de constater combien plus rien n'est pareil. | C68: 48 | D68: 1 (c'est peut-être moi)
B69: Même si les choses changent un peu, le travail est toujours le même. | C69: 49 | D69: 1 (c'est peut-être moi)
A70: 20 | B70: Pour choisir un restaurant pour la prochaine fête | D70: 1 (c'est peut-être moi)
B71: Vous ne voulez pas cette proposition banale de votre cousin. | C71: 50 | D71: 1 (c'est peut-être moi)
B72: Vous acceptez la proposition de votre cousin, ça ira sûrement. | C72: 51 | D72: 1 (c'est peut-être moi)
A73: 21 | B73: Lorsque vous pensez aux enfants qui souffrent | D73: 1 (c'est peut-être moi)
B74: Ca vous touche beaucoup et si vous étiez seul, vous pourriez en pleurer. | C74: 52 | D74: 1 (c'est peut-être moi)
B75: Vous analysez le drame avec considération et distance. | C75: 53 | D75: 1 (c'est peut-être moi)
A76: 22 | B76: Lorsque vous pensez aux enfants qui souffrent de la faim | D76: 1 (c'est peut-être moi)
B77: Vous considérez que malheureusement ça s'est toujours passé dans l'histoire. | C77: 54 | D77: 1 (c'est peut-être moi)
B78: Vous analysez l'historique de ce problème et tentez de prévoir comment la situation va évoluer. | C78: 55 | D78: 1 (c'est peut-être moi)
B79: Vous vous demandez si ça va s'arranger avec la mondialisation. | C79: 56 | D79: 1 (c'est peut-être moi)
B80: Vous pensez surtout aux récentes informations reçues à ce sujet. | C80: 57 | D80: 1 (c'est peut-être moi)
A81: 23 | B81: Vous devez écrire un petit mot pour le départ d'un collègue de travail | D81: 1 (c'est peut-être moi)
B82: Vous allez relire les billets des années précédentes dans le livre d'or de l'atelier. | C82: 58 | D82: 1 (c'est peut-être moi)
B83: Vous construisez quelque chose selon votre inspiration et ce que vous connaissez de la personne qui s'en va. | C83: 59 | D83: 1 (c'est peut-être moi)
A84: 24 | B84: Lorsque votre collègue est victime d'une injustice | D84: 1 (c'est peut-être moi)
B85: Vous savez toujours le conseiller judicieusement. | C85: 60 | D85: 1 (c'est peut-être moi)
B86: Vous avez connaissance d'une solution efficace utilisée dans un autre bureau et l'indiquez à votre collègue. | C86: 61 | D86: 1 (c'est peut-être moi)
B87: Si vous étiez à sa place vous demanderiez conseil, mais là vous savez quoi suggérez à votre collègue. | C87: 62 | D87: 1 (c'est peut-être moi)
B88: Si vous étiez à sa place vous sauriez comment vous défendre. | C88: 63 | D88: 1 (c'est peut-être moi)
B89: Si vous étiez à sa place vous demanderiez conszil, c'est plus prudent. | C89: 64 | D89: 1 (c'est peut-être moi)
A90: 25 | B90: Lorsque vous organisez une tâche | D90: 1 (c'est peut-être moi)
B91: Vous la prévoyez dans les moindres détails | C91: 65 | D91: 1 (c'est peut-être moi)
B92: Vous la structurez dans les grandes lignes. | C92: 66 | D92: 1 (c'est peut-être moi)
A93: 26 | B93: Pour faire le point de votre journée | D93: 1 (c'est peut-être moi)
B94: Vous renvoyez toutes vos activités simultanément comme sur un tableau. | C94: 67 | D94: 1 (c'est peut-être moi)
B95: Vous vous rappelez toutes les conversations et l'ambiance sonore des différents moments. | C95: 68 | D95: 1 (c'est peut-être moi)
B96: Il vous reste l'ambiance générale et le poids des moments difficiles. | C96: 69 | D96: 1 (c'est peut-être moi)
A97: 27 | B97: Votre emploi actuel | D97: 1 (c'est peut-être moi)
B98: C'est ce que vous avez toujours fait et que vous espérez toujours faire. | C98: 70 | D98: 1 (c'est peut-être moi)
B99: C'est bien maintenan, après on verra. | C99: 71 | D99: 1 (c'est peut-être moi)
B100: C'est ce qui vous permet de préparer demain. | C100: 72 | D100: 1 (c'est peut-être moi)
...

Sheet Résultats  (A)
A1: Représentation sensorielle | G1: Filtre de comparaison | K1: Taille du découpage | O1: Processus d'interaction | S1: Position d'analyse
A2: Visuel | C2: Auditif | E2: Kinesthésique | G2: Similitude | I2: Différence | K2: Spécifique | M2: Global | O2: En accord | Q2: En désaccord | S2: Associé | U2: Dissocié
A3: 1 | B3: =VALUE(LEFT(INDEX('Métaprofil (A)'!$D:$D,MATCH(A3,'Métaprofil (A)'!$C:$C,0)),1)) -> 1 | C3: 2 | D3: =VALUE(LEFT(INDEX('Métaprofil (A)'!$D:$D,MATCH(C3,'Métaprofil (A)'!$C:$C,0)),1)) -> 1 | E3: 3 | F3: =VALUE(LEFT(INDEX('Métaprofil (A)'!$D:$D,MATCH(E3,'Métaprofil (A)'!$C:$C,0)),1)) -> 1 | G3: 4 | H3: =VALUE(LEFT(INDEX('Métaprofil (A)'!$D:$D,MATCH(G3,'Métaprofil (A)'!$C:$C,0)),1)) -> 1 | I3: 5 | J3: =VALUE(LEFT(INDEX('Métaprofil (A)'!$D:$D,MATCH(I3,'Métaprofil (A)'!$C:$C,0)),1)) -> 1 | K3: 6 | L3: =VALUE(LEFT(INDEX('Métaprofil (A)'!$D:$D,MATCH(K3,'Métaprofil (A)'!$C:$C,0)),1)) -> 1 | M3: 7 | N3: =VALUE(LEFT(INDEX('Métaprofil (A)'!$D:$D,MATCH(M3,'Métaprofil (A)'!$C:$C,0)),1)) -> 1 | O3: 8 | P3: =VALUE(LEFT(INDEX('Métaprofil (A)'!$D:$D,MATCH(O3,'Métaprofil (A)'!$C:$C,0)),1)) -> 1 | Q3: 9 | R3: =VALUE(LEFT(INDEX('Métaprofil (A)'!$D:$D,MATCH(Q3,'Métaprofil (A)'!$C:$C,0)),1)) -> 1 | S3: 10 | T3: =VALUE(LEFT(INDEX('Métaprofil (A)'!$D:$D,MATCH(S3,'Métaprofil (A)'!$C:$C,0)),1)) -> 1 | U3: 11 | V3: =VALUE(LEFT(INDEX('Métaprofil (A)'!$D:$D,MATCH(U3,'Métaprofil (A)'!$C:$C,0)),1)) -> 1
A4: 24 | B4: =VALUE(LEFT(INDEX('Métaprofil (A)'!$D:$D,MATCH(A4,'Métaprofil (A)'!$C:$C,0)),1)) -> 1 | C4: 25 | D4: =VALUE(LEFT(INDEX('Métaprofil (A)'!$D:$D,MATCH(C4,'Métaprofil (A)'!$C:$C,0)),1)) -> 1 | E4: 23 | F4: =VALUE(LEFT(INDEX('Métaprofil (A)'!$D:$D,MATCH(E4,'Métaprofil (A)'!$C:$C,0)),1)) -> 1 | G4: 26 | H4: =VALUE(LEFT(INDEX('Métaprofil (A)'!$D:$D,MATCH(G4,'Métaprofil (A)'!$C:$C,0)),1)) -> 1 | I4: 27 | J4: =VALUE(LEFT(INDEX('Métaprofil (A)'!$D:$D,MATCH(I4,'Métaprofil (A)'!$C:$C,0)),1)) -> 1 | K4: 28 | L4: =VALUE(LEFT(INDEX('Métaprofil (A)'!$D:$D,MATCH(K4,'Métaprofil (A)'!$C:$C,0)),1)) -> 1 | M4: 29 | N4: =VALUE(LEFT(INDEX('Métaprofil (A)'!$D:$D,MATCH(M4,'Métaprofil (A)'!$C:$C,0)),1)) -> 1 | O4: 31 | P4: =VALUE(LEFT(INDEX('Métaprofil (A)'!$D:$D,MATCH(O4,'Métaprofil (A)'!$C:$C,0)),1)) -> 1 | Q4: 30 | R4: =VALUE(LEFT(INDEX('Métaprofil (A)'!$D:$D,MATCH(Q4,'Métaprofil (A)'!$C:$C,0)),1)) -> 1 | S4: 33 | T4: =VALUE(LEFT(INDEX('Métaprofil (A)'!$D:$D,MATCH(S4,'Métaprofil (A)'!$C:$C,0)),1)) -> 1 | U4: 32 | V4: =VALUE(LEFT(INDEX('Métaprofil (A)'!$D:$D,MATCH(U4,'Métaprofil (A)'!$C:$C,0)),1)) -> 1
A5: 45 | B5: =VALUE(LEFT(INDEX('Métaprofil (A)'!$D:$D,MATCH(A5,'Métaprofil (A)'!$C:$C,0)),1)) -> 1 | C5: 46 | D5: =VALUE(LEFT(INDEX('Métaprofil (A)'!$D:$D,MATCH(C5,'Métaprofil (A)'!$C:$C,0)),1)) -> 1 | E5: 47 | F5: =VALUE(LEFT(INDEX('Métaprofil (A)'!$D:$D,MATCH(E5,'Métaprofil (A)'!$C:$C,0)),1)) -> 1 | G5: 49 | H5: =VALUE(LEFT(INDEX('Métaprofil (A)'!$D:$D,MATCH(G5,'Métaprofil (A)'!$C:$C,0)),1)) -> 1 | I5: 48 | J5: =VALUE(LEFT(INDEX('Métaprofil (A)'!$D:$D,MATCH(I5,'Métaprofil (A)'!$C:$C,0)),1)) -> 1 | K5: 65 | L5: =VALUE(LEFT(INDEX('Métaprofil (A)'!$D:$D,MATCH(K5,'Métaprofil (A)'!$C:$C,0)),1)) -> 1 | M5: 66 | N5: =VALUE(LEFT(INDEX('Métaprofil (A)'!$D:$D,MATCH(M5,'Métaprofil (A)'!$C:$C,0)),1)) -> 1 | O5: 51 | P5: =VALUE(LEFT(INDEX('Métaprofil (A)'!$D:$D,MATCH(O5,'Métaprofil (A)'!$C:$C,0)),1)) -> 1 | Q5: 50 | R5: =VALUE(LEFT(INDEX('Métaprofil (A)'!$D:$D,MATCH(Q5,'Métaprofil (A)'!$C:$C,0)),1)) -> 1 | S5: 52 | T5: =VALUE(LEFT(INDEX('Métaprofil (A)'!$D:$D,MATCH(S5,'Métaprofil (A)'!$C:$C,0)),1)) -> 1 | U5: 53 | V5: =VALUE(LEFT(INDEX('Métaprofil (A)'!$D:$D,MATCH(U5,'Métaprofil (A)'!$C:$C,0)),1)) -> 1
A6: 67 | B6: =VALUE(LEFT(INDEX('Métaprofil (A)'!$D:$D,MATCH(A6,'Métaprofil (A)'!$C:$C,0)),1)) -> 1 | C6: 68 | D6: =VALUE(LEFT(INDEX('Métaprofil (A)'!$D:$D,MATCH(C6,'Métaprofil (A)'!$C:$C,0)),1)) -> 1 | E6: 69 | F6: =VALUE(LEFT(INDEX('Métaprofil (A)'!$D:$D,MATCH(E6,'Métaprofil (A)'!$C:$C,0)),1)) -> 1 | G6: 74 | H6: =VALUE(LEFT(INDEX('Métaprofil (A)'!$D:$D,MATCH(G6,'Métaprofil (A)'!$C:$C,0)),1)) -> 1 | I6: 75 | J6: =VALUE(LEFT(INDEX('Métaprofil (A)'!$D:$D,MATCH(I6,'Métaprofil (A)'!$C:$C,0)),1)) -> 1 | K6: 83 | L6: =VALUE(LEFT(INDEX('Métaprofil (A)'!$D:$D,MATCH(K6,'Métaprofil (A)'!$C:$C,0)),1)) -> 1 | M6: 84 | N6: =VALUE(LEFT(INDEX('Métaprofil (A)'!$D:$D,MATCH(M6,'Métaprofil (A)'!$C:$C,0)),1)) -> 1 | O6: 93 | P6: =VALUE(LEFT(INDEX('Métaprofil (A)'!$D:$D,MATCH(O6,'Métaprofil (A)'!$C:$C,0)),1)) -> 1 | Q6: 94 | R6: =VALUE(LEFT(INDEX('Métaprofil (A)'!$D:$D,MATCH(Q6,'Métaprofil (A)'!$C:$C,0)),1)) -> 1 | S6: 86 | T6: =VALUE(LEFT(INDEX('Métaprofil (A)'!$D:$D,MATCH(S6,'Métaprofil (A)'!$C:$C,0)),1)) -> 1 | U6: 85 | V6: =VALUE(LEFT(INDEX('Métaprofil (A)'!$D:$D,MATCH(U6,'Métaprofil (A)'!$C:$C,0)),1)) -> 1
A7: 100 | B7: =VALUE(LEFT(INDEX('Métaprofil (A)'!$D:$D,MATCH(A7,'Métaprofil (A)'!$C:$C,0)),1)) -> 1 | C7: 101 | D7: =VALUE(LEFT(INDEX('Métaprofil (A)'!$D:$D,MATCH(C7,'Métaprofil (A)'!$C:$C,0)),1)) -> 1 | E7: 99 | F7: =VALUE(LEFT(INDEX('Métaprofil (A)'!$D:$D,MATCH(E7,'Métaprofil (A)'!$C:$C,0)),1)) -> 1 | G7: 88 | H7: =VALUE(LEFT(INDEX('Métaprofil (A)'!$D:$D,MATCH(G7,'Métaprofil (A)'!$C:$C,0)),1)) -> 1 | I7: 87 | J7: =VALUE(LEFT(INDEX('Métaprofil (A)'!$D:$D,MATCH(I7,'Métaprofil (A)'!$C:$C,0)),1)) -> 1 | K7: 116 | L7: =VALUE(LEFT(INDEX('Métaprofil (A)'!$D:$D,MATCH(K7,'Métaprofil (A)'!$C:$C,0)),1)) -> 1 | M7: 117 | N7: =VALUE(LEFT(INDEX('Métaprofil (A)'!$D:$D,MATCH(M7,'Métaprofil (A)'!$C:$C,0)),1)) -> 1 | O7: 95 | P7: =VALUE(LEFT(INDEX('Métaprofil (A)'!$D:$D,MATCH(O7,'Métaprofil (A)'!$C:$C,0)),1)) -> 1 | Q7: 96 | R7: =VALUE(LEFT(INDEX('Métaprofil (A)'!$D:$D,MATCH(Q7,'Métaprofil (A)'!$C:$C,0)),1)) -> 1 | S7: 119 | T7: =VALUE(LEFT(INDEX('Métaprofil (A)'!$D:$D,MATCH(S7,'Métaprofil (A)'!$C:$C,0)),1)) -> 1 | U7: 118 | V7: =VALUE(LEFT(INDEX('Métaprofil (A)'!$D:$D,MATCH(U7,'Métaprofil (A)'!$C:$C,0)),1)) -> 1
A8: 115 | B8: =VALUE(LEFT(INDEX('Métaprofil (A)'!$D:$D,MATCH(A8,'Métaprofil (A)'!$C:$C,0)),1)) -> 1 | C8: 114 | D8: =VALUE(LEFT(INDEX('Métaprofil (A)'!$D:$D,MATCH(C8,'Métaprofil (A)'!$C:$C,0)),1)) -> 1 | E8: 113 | F8: =VALUE(LEFT(INDEX('Métaprofil (A)'!$D:$D,MATCH(E8,'Métaprofil (A)'!$C:$C,0)),1)) -> 1 | G8: 91 | H8: =VALUE(LEFT(INDEX('Métaprofil (A)'!$D:$D,MATCH(G8,'Métaprofil (A)'!$C:$C,0)),1)) -> 1 | I8: 92 | J8: =VALUE(LEFT(INDEX('Métaprofil (A)'!$D:$D,MATCH(I8,'Métaprofil (A)'!$C:$C,0)),1)) -> 1 | K8: 121 | L8: =VALUE(LEFT(INDEX('Métaprofil (A)'!$D:$D,MATCH(K8,'Métaprofil (A)'!$C:$C,0)),1)) -> 1 | M8: 120 | N8: =VALUE(LEFT(INDEX('Métaprofil (A)'!$D:$D,MATCH(M8,'Métaprofil (A)'!$C:$C,0)),1)) -> 1 | O8: 127 | P8: =VALUE(LEFT(INDEX('Métaprofil (A)'!$D:$D,MATCH(O8,'Métaprofil (A)'!$C:$C,0)),1)) -> 1 | Q8: 126 | R8: =VALUE(LEFT(INDEX('Métaprofil (A)'!$D:$D,MATCH(Q8,'Métaprofil (A)'!$C:$C,0)),1)) -> 1 | S8: 139 | T8: =VALUE(LEFT(INDEX('Métaprofil (A)'!$D:$D,MATCH(S8,'Métaprofil (A)'!$C:$C,0)),1)) -> 1 | U8: 140 | V8: =VALUE(LEFT(INDEX('Métaprofil (A)'!$D:$D,MATCH(U8,'Métaprofil (A)'!$C:$C,0)),1)) -> 1
A9: 153 | B9: =VALUE(LEFT(INDEX('Métaprofil (A)'!$D:$D,MATCH(A9,'Métaprofil (A)'!$C:$C,0)),1)) -> 1 | C9: 154 | D9: =VALUE(LEFT(INDEX('Métaprofil (A)'!$D:$D,MATCH(C9,'Métaprofil (A)'!$C:$C,0)),1)) -> 1 | E9: 155 | F9: =VALUE(LEFT(INDEX('Métaprofil (A)'!$D:$D,MATCH(E9,'Métaprofil (A)'!$C:$C,0)),1)) -> 1 | G9: 97 | H9: =VALUE(LEFT(INDEX('Métaprofil (A)'!$D:$D,MATCH(G9,'Métaprofil (A)'!$C:$C,0)),1)) -> 1 | I9: 98 | J9: =VALUE(LEFT(INDEX('Métaprofil (A)'!$D:$D,MATCH(I9,'Métaprofil (A)'!$C:$C,0)),1)) -> 1 | K9: 141 | L9: =VALUE(LEFT(INDEX('Métaprofil (A)'!$D:$D,MATCH(K9,'Métaprofil (A)'!$C:$C,0)),1)) -> 1 | M9: 142 | N9: =VALUE(LEFT(INDEX('Métaprofil (A)'!$D:$D,MATCH(M9,'Métaprofil (A)'!$C:$C,0)),1)) -> 1 | O9: 144 | P9: =VALUE(LEFT(INDEX('Métaprofil (A)'!$D:$D,MATCH(O9,'Métaprofil (A)'!$C:$C,0)),1)) -> 1 | Q9: 143 | R9: =VALUE(LEFT(INDEX('Métaprofil (A)'!$D:$D,MATCH(Q9,'Métaprofil (A)'!$C:$C,0)),1)) -> 1 | S9: 145 | T9: =VALUE(LEFT(INDEX('Métaprofil (A)'!$D:$D,MATCH(S9,'Métaprofil (A)'!$C:$C,0)),1)) -> 1 | U9: 146 | V9: =VALUE(LEFT(INDEX('Métaprofil (A)'!$D:$D,MATCH(U9,'Métaprofil (A)'!$C:$C,0)),1)) -> 1
A10: 169 | B10: =VALUE(LEFT(INDEX('Métaprofil (A)'!$D:$D,MATCH(A10,'Métaprofil (A)'!$C:$C,0)),1)) -> 1 | C10: 170 | D10: =VALUE(LEFT(INDEX('Métaprofil (A)'!$D:$D,MATCH(C10,'Métaprofil (A)'!$C:$C,0)),1)) -> 1 | E10: 171 | F10: =VALUE(LEFT(INDEX('Métaprofil (A)'!$D:$D,MATCH(E10,'Métaprofil (A)'!$C:$C,0)),1)) -> 1 | G10: 156 | H10: =VALUE(LEFT(INDEX('Métaprofil (A)'!$D:$D,MATCH(G10,'Métaprofil (A)'!$C:$C,0)),1)) -> 1 | I10: 157 | J10: =VALUE(LEFT(INDEX('Métaprofil (A)'!$D:$D,MATCH(I10,'Métaprofil (A)'!$C:$C,0)),1)) -> 1 | K10: 150 | L10: =VALUE(LEFT(INDEX('Métaprofil (A)'!$D:$D,MATCH(K10,'Métaprofil (A)'!$C:$C,0)),1)) -> 1 | M10: 149 | N10: =VALUE(LEFT(INDEX('Métaprofil (A)'!$D:$D,MATCH(M10,'Métaprofil (A)'!$C:$C,0)),1)) -> 1 | O10: 148 | P10: =VALUE(LEFT(INDEX('Métaprofil (A)'!$D:$D,MATCH(O10,'Métaprofil (A)'!$C:$C,0)),1)) -> 1 | Q10: 147 | R10: =VALUE(LEFT(INDEX('Métaprofil (A)'!$D:$D,MATCH(Q10,'Métaprofil (A)'!$C:$C,0)),1)) -> 1 | S10: 175 | T10: =VALUE(LEFT(INDEX('Métaprofil (A)'!$D:$D,MATCH(S10,'Métaprofil (A)'!$C:$C,0)),1)) -> 1 | U10: 174 | V10: =VALUE(LEFT(INDEX('Métaprofil (A)'!$D:$D,MATCH(U10,'Métaprofil (A)'!$C:$C,0)),1)) -> 1
A11: 178 | B11: =VALUE(LEFT(INDEX('Métaprofil (A)'!$D:$D,MATCH(A11,'Métaprofil (A)'!$C:$C,0)),1)) -> 1 | C11: 176 | D11: =VALUE(LEFT(INDEX('Métaprofil (A)'!$D:$D,MATCH(C11,'Métaprofil (A)'!$C:$C,0)),1)) -> 1 | E11: 177 | F11: =VALUE(LEFT(INDEX('Métaprofil (A)'!$D:$D,MATCH(E11,'Métaprofil (A)'!$C:$C,0)),1)) -> 1 | G11: 197 | H11: =VALUE(LEFT(INDEX('Métaprofil (A)'!$D:$D,MATCH(G11,'Métaprofil (A)'!$C:$C,0)),1)) -> 1 | I11: 198 | J11: =VALUE(LEFT(INDEX('Métaprofil (A)'!$D:$D,MATCH(I11,'Métaprofil (A)'!$C:$C,0)),1)) -> 1 | K11: 151 | L11: =VALUE(LEFT(INDEX('Métaprofil (A)'!$D:$D,MATCH(K11,'Métaprofil (A)'!$C:$C,0)),1)) -> 1 | M11: 152 | N11: =VALUE(LEFT(INDEX('Métaprofil (A)'!$D:$D,MATCH(M11,'Métaprofil (A)'!$C:$C,0)),1)) -> 1 | O11: 168 | P11: =VALUE(LEFT(INDEX('Métaprofil (A)'!$D:$D,MATCH(O11,'Métaprofil (A)'!$C:$C,0)),1)) -> 1 | Q11: 167 | R11: =VALUE(LEFT(INDEX('Métaprofil (A)'!$D:$D,MATCH(Q11,'Métaprofil (A)'!$C:$C,0)),1)) -> 1 | S11: 183 | T11: =VALUE(LEFT(INDEX('Métaprofil (A)'!$D:$D,MATCH(S11,'Métaprofil (A)'!$C:$C,0)),1)) -> 1 | U11: 184 | V11: =VALUE(LEFT(INDEX('Métaprofil (A)'!$D:$D,MATCH(U11,'Métaprofil (A)'!$C:$C,0)),1)) -> 1
B12: =SUM(B3:B11) -> 9 | D12: =SUM(D3:D11) -> 9 | F12: =SUM(F3:F11) -> 9 | H12: =SUM(H3:H11) -> 9 | J12: =SUM(J3:J11) -> 9 | L12: =SUM(L3:L11) -> 9 | N12: =SUM(N3:N11) -> 9 | P12: =SUM(P3:P11) -> 9 | R12: =SUM(R3:R11) -> 9 | T12: =SUM(T3:T11) -> 9 | V12: =SUM(V3:V11) -> 9
A13: Filtre sensoriel | G13: Filtre de comparaison | K13: Taille du découpage | O13: Processus d'interaction | S13: Position d'analyse
A15: Orientation du temps | I15: Index de référence | M15: Application de l'index de référence
A16: Simultané | C16: Présent | E16: Passé | G16: Futur | I16: Soi | K16: Autre | M16: De soi à soi | O16: De soi à l'autre | Q16: De l'autre à l'autre | S16: De l'autre à soi | U16: Soi / autre /soi
A17: 15 | B17: =VALUE(LEFT(INDEX('Métaprofil (A)'!$D:$D,MATCH(A17,'Métaprofil (A)'!$C:$C,0)),1)) -> 1 | C17: 13 | D17: =VALUE(LEFT(INDEX('Métaprofil (A)'!$D:$D,MATCH(C17,'Métaprofil (A)'!$C:$C,0)),1)) -> 1 | E17: 12 | F17: =VALUE(LEFT(INDEX('Métaprofil (A)'!$D:$D,MATCH(E17,'Métaprofil (A)'!$C:$C,0)),1)) -> 1 | G17: 14 | H17: =VALUE(LEFT(INDEX('Métaprofil (A)'!$D:$D,MATCH(G17,'Métaprofil (A)'!$C:$C,0)),1)) -> 1 | I17: 16 | J17: =VALUE(LEFT(INDEX('Métaprofil (A)'!$D:$D,MATCH(I17,'Métaprofil (A)'!$C:$C,0)),1)) -> 1 | K17: 17 | L17: =VALUE(LEFT(INDEX('Métaprofil (A)'!$D:$D,MATCH(K17,'Métaprofil (A)'!$C:$C,0)),1)) -> 1 | M17: 19 | N17: =VALUE(LEFT(INDEX('Métaprofil (A)'!$D:$D,MATCH(M17,'Métaprofil (A)'!$C:$C,0)),1)) -> 1 | O17: 18 | P17: =VALUE(LEFT(INDEX('Métaprofil (A)'!$D:$D,MATCH(O17,'Métaprofil (A)'!$C:$C,0)),1)) -> 1 | Q17: 21 | R17: =VALUE(LEFT(INDEX('Métaprofil (A)'!$D:$D,MATCH(Q17,'Métaprofil (A)'!$C:$C,0)),1)) -> 1 | S17: 22 | T17: =VALUE(LEFT(INDEX('Métaprofil (A)'!$D:$D,MATCH(S17,'Métaprofil (A)'!$C:$C,0)),1)) -> 1 | U17: 20 | V17: =VALUE(LEFT(INDEX('Métaprofil (A)'!$D:$D,MATCH(U17,'Métaprofil (A)'!$C:$C,0)),1)) -> 1
A18: 37 | B18: =VALUE(LEFT(INDEX('Métaprofil (A)'!$D:$D,MATCH(A18,'Métaprofil (A)'!$C:$C,0)),1)) -> 1 | C18: 36 | D18: =VALUE(LEFT(INDEX('Métaprofil (A)'!$D:$D,MATCH(C18,'Métaprofil (A)'!$C:$C,0)),1)) -> 1 | E18: 34 | F18: =VALUE(LEFT(INDEX('Métaprofil (A)'!$D:$D,MATCH(E18,'Métaprofil (A)'!$C:$C,0)),1)) -> 1 | G18: 35 | H18: =VALUE(LEFT(INDEX('Métaprofil (A)'!$D:$D,MATCH(G18,'Métaprofil (A)'!$C:$C,0)),1)) -> 1 | I18: 39 | J18: =VALUE(LEFT(INDEX('Métaprofil (A)'!$D:$D,MATCH(I18,'Métaprofil (A)'!$C:$C,0)),1)) -> 1 | K18: 38 | L18: =VALUE(LEFT(INDEX('Métaprofil (A)'!$D:$D,MATCH(K18,'Métaprofil (A)'!$C:$C,0)),1)) -> 1 | M18: 40 | N18: =VALUE(LEFT(INDEX('Métaprofil (A)'!$D:$D,MATCH(M18,'Métaprofil (A)'!$C:$C,0)),1)) -> 1 | O18: 41 | P18: =VALUE(LEFT(INDEX('Métaprofil (A)'!$D:$D,MATCH(O18,'Métaprofil (A)'!$C:$C,0)),1)) -> 1 | Q18: 43 | R18: =VALUE(LEFT(INDEX('Métaprofil (A)'!$D:$D,MATCH(Q18,'Métaprofil (A)'!$C:$C,0)),1)) -> 1 | S18: 44 | T18: =VALUE(LEFT(INDEX('Métaprofil (A)'!$D:$D,MATCH(S18,'Métaprofil (A)'!$C:$C,0)),1)) -> 1 | U18: 42 | V18: =VALUE(LEFT(INDEX('Métaprofil (A)'!$D:$D,MATCH(U18,'Métaprofil (A)'!$C:$C,0)),1)) -> 1
A19: 55 | B19: =VALUE(LEFT(INDEX('Métaprofil (A)'!$D:$D,MATCH(A19,'Métaprofil (A)'!$C:$C,0)),1)) -> 1 | C19: 57 | D19: =VALUE(LEFT(INDEX('Métaprofil (A)'!$D:$D,MATCH(C19,'Métaprofil (A)'!$C:$C,0)),1)) -> 1 | E19: 54 | F19: =VALUE(LEFT(INDEX('Métaprofil (A)'!$D:$D,MATCH(E19,'Métaprofil (A)'!$C:$C,0)),1)) -> 1 | G19: 56 | H19: =VALUE(LEFT(INDEX('Métaprofil (A)'!$D:$D,MATCH(G19,'Métaprofil (A)'!$C:$C,0)),1)) -> 1 | I19: 59 | J19: =VALUE(LEFT(INDEX('Métaprofil (A)'!$D:$D,MATCH(I19,'Métaprofil (A)'!$C:$C,0)),1)) -> 1 | K19: 58 | L19: =VALUE(LEFT(INDEX('Métaprofil (A)'!$D:$D,MATCH(K19,'Métaprofil (A)'!$C:$C,0)),1)) -> 1 | M19: 63 | N19: =VALUE(LEFT(INDEX('Métaprofil (A)'!$D:$D,MATCH(M19,'Métaprofil (A)'!$C:$C,0)),1)) -> 1 | O19: 60 | P19: =VALUE(LEFT(INDEX('Métaprofil (A)'!$D:$D,MATCH(O19,'Métaprofil (A)'!$C:$C,0)),1)) -> 1 | Q19: 61 | R19: =VALUE(LEFT(INDEX('Métaprofil (A)'!$D:$D,MATCH(Q19,'Métaprofil (A)'!$C:$C,0)),1)) -> 1 | S19: 64 | T19: =VALUE(LEFT(INDEX('Métaprofil (A)'!$D:$D,MATCH(S19,'Métaprofil (A)'!$C:$C,0)),1)) -> 1 | U19: 62 | V19: =VALUE(LEFT(INDEX('Métaprofil (A)'!$D:$D,MATCH(U19,'Métaprofil (A)'!$C:$C,0)),1)) -> 1
A20: 70 | B20: =VALUE(LEFT(INDEX('Métaprofil (A)'!$D:$D,MATCH(A20,'Métaprofil (A)'!$C:$C,0)),1)) -> 1 | C20: 71 | D20: =VALUE(LEFT(INDEX('Métaprofil (A)'!$D:$D,MATCH(C20,'Métaprofil (A)'!$C:$C,0)),1)) -> 1 | E20: 73 | F20: =VALUE(LEFT(INDEX('Métaprofil (A)'!$D:$D,MATCH(E20,'Métaprofil (A)'!$C:$C,0)),1)) -> 1 | G20: 72 | H20: =VALUE(LEFT(INDEX('Métaprofil (A)'!$D:$D,MATCH(G20,'Métaprofil (A)'!$C:$C,0)),1)) -> 1 | I20: 76 | J20: =VALUE(LEFT(INDEX('Métaprofil (A)'!$D:$D,MATCH(I20,'Métaprofil (A)'!$C:$C,0)),1)) -> 1 | K20: 77 | L20: =VALUE(LEFT(INDEX('Métaprofil (A)'!$D:$D,MATCH(K20,'Métaprofil (A)'!$C:$C,0)),1)) -> 1 | M20: 82 | N20: =VALUE(LEFT(INDEX('Métaprofil (A)'!$D:$D,MATCH(M20,'Métaprofil (A)'!$C:$C,0)),1)) -> 1 | O20: 78 | P20: =VALUE(LEFT(INDEX('Métaprofil (A)'!$D:$D,MATCH(O20,'Métaprofil (A)'!$C:$C,0)),1)) -> 1 | Q20: 79 | R20: =VALUE(LEFT(INDEX('Métaprofil (A)'!$D:$D,MATCH(Q20,'Métaprofil (A)'!$C:$C,0)),1)) -> 1 | S20: 81 | T20: =VALUE(LEFT(INDEX('Métaprofil (A)'!$D:$D,MATCH(S20,'Métaprofil (A)'!$C:$C,0)),1)) -> 1 | U20: 80 | V20: =VALUE(LEFT(INDEX('Métaprofil (A)'!$D:$D,MATCH(U20,'Métaprofil (A)'!$C:$C,0)),1)) -> 1
A21: 110 | B21: =VALUE(LEFT(INDEX('Métaprofil (A)'!$D:$D,MATCH(A21,'Métaprofil (A)'!$C:$C,0)),1)) -> 1 | C21: 112 | D21: =VALUE(LEFT(INDEX('Métaprofil (A)'!$D:$D,MATCH(C21,'Métaprofil (A)'!$C:$C,0)),1)) -> 1 | E21: 111 | F21: =VALUE(LEFT(INDEX('Métaprofil (A)'!$D:$D,MATCH(E21,'Métaprofil (A)'!$C:$C,0)),1)) -> 1 | G21: 109 | H21: =VALUE(LEFT(INDEX('Métaprofil (A)'!$D:$D,MATCH(G21,'Métaprofil (A)'!$C:$C,0)),1)) -> 1 | I21: 90 | J21: =VALUE(LEFT(INDEX('Métaprofil (A)'!$D:$D,MATCH(I21,'Métaprofil (A)'!$C:$C,0)),1)) -> 1 | K21: 89 | L21: =VALUE(LEFT(INDEX('Métaprofil (A)'!$D:$D,MATCH(K21,'Métaprofil (A)'!$C:$C,0)),1)) -> 1 | M21: 105 | N21: =VALUE(LEFT(INDEX('Métaprofil (A)'!$D:$D,MATCH(M21,'Métaprofil (A)'!$C:$C,0)),1)) -> 1 | O21: 107 | P21: =VALUE(LEFT(INDEX('Métaprofil (A)'!$D:$D,MATCH(O21,'Métaprofil (A)'!$C:$C,0)),1)) -> 1 | Q21: 106 | R21: =VALUE(LEFT(INDEX('Métaprofil (A)'!$D:$D,MATCH(Q21,'Métaprofil (A)'!$C:$C,0)),1)) -> 1 | S21: 104 | T21: =VALUE(LEFT(INDEX('Métaprofil (A)'!$D:$D,MATCH(S21,'Métaprofil (A)'!$C:$C,0)),1)) -> 1 | U21: 108 | V21: =VALUE(LEFT(INDEX('Métaprofil (A)'!$D:$D,MATCH(U21,'Métaprofil (A)'!$C:$C,0)),1)) -> 1
A22: 125 | B22: =VALUE(LEFT(INDEX('Métaprofil (A)'!$D:$D,MATCH(A22,'Métaprofil (A)'!$C:$C,0)),1)) -> 1 | C22: 124 | D22: =VALUE(LEFT(INDEX('Métaprofil (A)'!$D:$D,MATCH(C22,'Métaprofil (A)'!$C:$C,0)),1)) -> 1 | E22: 122 | F22: =VALUE(LEFT(INDEX('Métaprofil (A)'!$D:$D,MATCH(E22,'Métaprofil (A)'!$C:$C,0)),1)) -> 1 | G22: 123 | H22: =VALUE(LEFT(INDEX('Métaprofil (A)'!$D:$D,MATCH(G22,'Métaprofil (A)'!$C:$C,0)),1)) -> 1 | I22: 102 | J22: =VALUE(LEFT(INDEX('Métaprofil (A)'!$D:$D,MATCH(I22,'Métaprofil (A)'!$C:$C,0)),1)) -> 1 | K22: 103 | L22: =VALUE(LEFT(INDEX('Métaprofil (A)'!$D:$D,MATCH(K22,'Métaprofil (A)'!$C:$C,0)),1)) -> 1 | M22: 131 | N22: =VALUE(LEFT(INDEX('Métaprofil (A)'!$D:$D,MATCH(M22,'Métaprofil (A)'!$C:$C,0)),1)) -> 1 | O22: 130 | P22: =VALUE(LEFT(INDEX('Métaprofil (A)'!$D:$D,MATCH(O22,'Métaprofil (A)'!$C:$C,0)),1)) -> 1 | Q22: 133 | R22: =VALUE(LEFT(INDEX('Métaprofil (A)'!$D:$D,MATCH(Q22,'Métaprofil (A)'!$C:$C,0)),1)) -> 1 | S22: 134 | T22: =VALUE(LEFT(INDEX('Métaprofil (A)'!$D:$D,MATCH(S22,'Métaprofil (A)'!$C:$C,0)),1)) -> 1 | U22: 132 | V22: =VALUE(LEFT(INDEX('Métaprofil (A)'!$D:$D,MATCH(U22,'Métaprofil (A)'!$C:$C,0)),1)) -> 1
A23: 137 | B23: =VALUE(LEFT(INDEX('Métaprofil (A)'!$D:$D,MATCH(A23,'Métaprofil (A)'!$C:$C,0)),1)) -> 1 | C23: 135 | D23: =VALUE(LEFT(INDEX('Métaprofil (A)'!$D:$D,MATCH(C23,'Métaprofil (A)'!$C:$C,0)),1)) -> 1 | E23: 138 | F23: =VALUE(LEFT(INDEX('Métaprofil (A)'!$D:$D,MATCH(E23,'Métaprofil (A)'!$C:$C,0)),1)) -> 1 | G23: 136 | H23: =VALUE(LEFT(INDEX('Métaprofil (A)'!$D:$D,MATCH(G23,'Métaprofil (A)'!$C:$C,0)),1)) -> 1 | I23: 128 | J23: =VALUE(LEFT(INDEX('Métaprofil (A)'!$D:$D,MATCH(I23,'Métaprofil (A)'!$C:$C,0)),1)) -> 1 | K23: 129 | L23: =VALUE(LEFT(INDEX('Métaprofil (A)'!$D:$D,MATCH(K23,'Métaprofil (A)'!$C:$C,0)),1)) -> 1 | M23: 166 | N23: =VALUE(LEFT(INDEX('Métaprofil (A)'!$D:$D,MATCH(M23,'Métaprofil (A)'!$C:$C,0)),1)) -> 1 | O23: 162 | P23: =VALUE(LEFT(INDEX('Métaprofil (A)'!$D:$D,MATCH(O23,'Métaprofil (A)'!$C:$C,0)),1)) -> 1 | Q23: 163 | R23: =VALUE(LEFT(INDEX('Métaprofil (A)'!$D:$D,MATCH(Q23,'Métaprofil (A)'!$C:$C,0)),1)) -> 1 | S23: 164 | T23: =VALUE(LEFT(INDEX('Métaprofil (A)'!$D:$D,MATCH(S23,'Métaprofil (A)'!$C:$C,0)),1)) -> 1 | U23: 165 | V23: =VALUE(LEFT(INDEX('Métaprofil (A)'!$D:$D,MATCH(U23,'Métaprofil (A)'!$C:$C,0)),1)) -> 1
A24: 161 | B24: =VALUE(LEFT(INDEX('Métaprofil (A)'!$D:$D,MATCH(A24,'Métaprofil (A)'!$C:$C,0)),1)) -> 1 | C24: 159 | D24: =VALUE(LEFT(INDEX('Métaprofil (A)'!$D:$D,MATCH(C24,'Métaprofil (A)'!$C:$C,0)),1)) -> 1 | E24: 160 | F24: =VALUE(LEFT(INDEX('Métaprofil (A)'!$D:$D,MATCH(E24,'Métaprofil (A)'!$C:$C,0)),1)) -> 1 | G24: 158 | H24: =VALUE(LEFT(INDEX('Métaprofil (A)'!$D:$D,MATCH(G24,'Métaprofil (A)'!$C:$C,0)),1)) -> 1 | I24: 172 | J24: =VALUE(LEFT(INDEX('Métaprofil (A)'!$D:$D,MATCH(I24,'Métaprofil (A)'!$C:$C,0)),1)) -> 1 | K24: 173 | L24: =VALUE(LEFT(INDEX('Métaprofil (A)'!$D:$D,MATCH(K24,'Métaprofil (A)'!$C:$C,0)),1)) -> 1 | M24: 187 | N24: =VALUE(LEFT(INDEX('Métaprofil (A)'!$D:$D,MATCH(M24,'Métaprofil (A)'!$C:$C,0)),1)) -> 1 | O24: 191 | P24: =VALUE(LEFT(INDEX('Métaprofil (A)'!$D:$D,MATCH(O24,'Métaprofil (A)'!$C:$C,0)),1)) -> 1 | Q24: 189 | R24: =VALUE(LEFT(INDEX('Métaprofil (A)'!$D:$D,MATCH(Q24,'Métaprofil (A)'!$C:$C,0)),1)) -> 1 | S24: 188 | T24: =VALUE(LEFT(INDEX('Métaprofil (A)'!$D:$D,MATCH(S24,'Métaprofil (A)'!$C:$C,0)),1)) -> 1 | U24: 190 | V24: =VALUE(LEFT(INDEX('Métaprofil (A)'!$D:$D,MATCH(U24,'Métaprofil (A)'!$C:$C,0)),1)) -> 1
A25: 182 | B25: =VALUE(LEFT(INDEX('Métaprofil (A)'!$D:$D,MATCH(A25,'Métaprofil (A)'!$C:$C,0)),1)) -> 1 | C25: 179 | D25: =VALUE(LEFT(INDEX('Métaprofil (A)'!$D:$D,MATCH(C25,'Métaprofil (A)'!$C:$C,0)),1)) -> 1 | E25: 180 | F25: =VALUE(LEFT(INDEX('Métaprofil (A)'!$D:$D,MATCH(E25,'Métaprofil (A)'!$C:$C,0)),1)) -> 1 | G25: 181 | H25: =VALUE(LEFT(INDEX('Métaprofil (A)'!$D:$D,MATCH(G25,'Métaprofil (A)'!$C:$C,0)),1)) -> 1 | I25: 185 | J25: =VALUE(LEFT(INDEX('Métaprofil (A)'!$D:$D,MATCH(I25,'Métaprofil (A)'!$C:$C,0)),1)) -> 1 | K25: 186 | L25: =VALUE(LEFT(INDEX('Métaprofil (A)'!$D:$D,MATCH(K25,'Métaprofil (A)'!$C:$C,0)),1)) -> 1 | M25: 195 | N25: =VALUE(LEFT(INDEX('Métaprofil (A)'!$D:$D,MATCH(M25,'Métaprofil (A)'!$C:$C,0)),1)) -> 1 | O25: 196 | P25: =VALUE(LEFT(INDEX('Métaprofil (A)'!$D:$D,MATCH(O25,'Métaprofil (A)'!$C:$C,0)),1)) -> 1 | Q25: 192 | R25: =VALUE(LEFT(INDEX('Métaprofil (A)'!$D:$D,MATCH(Q25,'Métaprofil (A)'!$C:$C,0)),1)) -> 1 | S25: 193 | T25: =VALUE(LEFT(INDEX('Métaprofil (A)'!$D:$D,MATCH(S25,'Métaprofil (A)'!$C:$C,0)),1)) -> 1 | U25: 194 | V25: =VALUE(LEFT(INDEX('Métaprofil (A)'!$D:$D,MATCH(U25,'Métaprofil (A)'!$C:$C,0)),1)) -> 1
B26: =SUM(B17:B25) -> 9 | D26: =SUM(D17:D25) -> 9 | F26: =SUM(F17:F25) -> 9 | H26: =SUM(H17:H25) -> 9 | J26: =SUM(J17:J25) -> 9 | L26: =SUM(L17:L25) -> 9 | N26: =SUM(N17:N25) -> 9 | P26: =SUM(P17:P25) -> 9 | R26: =SUM(R17:R25) -> 9 | T26: =SUM(T17:T25) -> 9 | V26: =SUM(V17:V25) -> 9
A27: Orientation du temps | I27: Index de référence | M27: Application de l'index de référence

Sheet Métaprofil (M)
A1: N° | B1: Enoncés | D1: Points
A2: 1 | B2: Pour réussir mes vacances d'été | H2: 0 (ce n'est pas moi)
B3: Je m'organise dès le début de l'année | C3: 1 | D3: 1 (c'est peut-être moi) | H3: 1 (c'est peut-être moi)
B4: je cherche activement dans les offres de dernière minute la semaine qui précède le départ. | C4: 2 | D4: 3 (c'est souvent moi) | H4: 2 (c'est parfois moi)
B5: Je procède comme l'an dernier. | C5: 3 | D5: 0 (ce n'est pas moi) | H5: 3 (c'est souvent moi)
A6: 2 | B6: Si je veux réussir ma vie professionnelle, c'est parce que | H6: 4 (c'est toujours moi)
B7: Je veux éviter les inconforts d'un éventuel licenciement. | C7: 4 | D7: 2 (c'est parfois moi)
B8: Je veux pouvoir réaliser mon rêve professionnel. | C8: 5 | D8: 0
A9: 3 | B9: Lorsque je me mets au travail pour ranger mon appartement, c'est parce que
B10: J'en ai envie, que ça me plaît. | C10: 6 | D10: 0
B11: Je dois le faire, je ne peux pas faire autrement. | C11: 7 | D11: 0
A12: 4 | B12: Si je refuse de changer la date de mes vacances pour arranger un collègue
B13: Je m'en excuse et explique mon impossibilité de changer au dernier moment. | C13: 8 | D13: 0
B14: Je me mets en retrait, généralement quelqu'un d'autre se propose spontanément. | C14: 9 | D14: 0
B15: C'est mon droit de maintenir ce qui a été décidé et je le défends. | C15: 10 | D15: 0
A16: 5 | B16: Lorsque je propose de travailler avec un collègue sur un nouveau projet, c'est parce que
B17: Ca me permet de progresser | C17: 11 | D17: 0
B18: Ca va renforcer notre relation | C18: 12 | D18: 0
B19: Je vais pouvoir lui proposer un modèle original. | C19: 13 | D19: 0
A20: 6 | B20: Je me mets au travail pour ranger mon appartement lorsque
B21: Je le décide. | C21: 14 | D21: 0
B22: Mon colocataire me dit de m'y mettre. | C22: 15 | D22: 0
A23: 7 | B23: Lors d'un entretien d'embauche
B24: Je dis tout ce que j'ai prévu de dire. | C24: 16 | D24: 0
B25: Je chosis ce que je dis compte tenu des réactions de mon examinateur. | C25: 17 | D25: 0
A26: 8 | B26: A la fin d'une journée de travail
B27: Je me défends selon les occassions qui se présentent. | C27: 18 | D27: 0
B28: Je repense à mes activités de la journée. | C28: 19 | D28: 0
B29: Je me prépare pour le lendemain. | C29: 20 | D29: 0
A30: 9 | B30: Si je règle mes affaires administratives régulièrement, c'est pour
B31: Eviter de me surcharger au dernier moment. | C31: 21 | D31: 0
B32: Être toujours à jour. | C32: 22 | D32: 0
A33: 10 | B33: Au travail, lorsque je fais une ou deux heures supplémentaires, c'est parce que
B34: J'aime beaucoup ce que je fais. | C34: 23 | D34: 0
B35: Il faut faire plus que le minimum. | C35: 24 | D35: 0
A36: 11 | B36: Lorsque je fais un effort pour me perfectionner, c'est parce que
B37: Je veux m'enrichir et développer mes compétences. | C37: 25 | D37: 0
B38: Je veux maîtriser les choses. | C38: 26 | D38: 0
B39: Je veux être à la hauteur des attentes de ceux qui comptent sur moi. | C39: 27 | D39: 0
A40: 12 | B40: J'ai enfin recommencé l'entraînement de foot ou autre
B41: Lorsque mon médecin me l'a autorisé. | C41: 28 | D41: 0
B42: De ma propre initiative, lorsque je me suis senti rétabli. | C42: 29 | D42: 0
A43: 13 | B43: Si je dois prendre un train déjà très rempli
B44: Je m'arrange pour occuper la place que je choisis. | C44: 30 | D44: 0
B45: J'attends qu'une place se libère ou reste debout. | C45: 31 | D45: 0
B46: J'occupe la place à disposition. | C46: 32 | D46: 0
A47: 14 | B47: Si j'accèpte de présider un groupe de loisirs, c'est parce que
B48: Je veux en assurer le bon déroulement. | C48: 33 | D48: 0
B49: Je sais tenir compte des avis de chacun. | C49: 34 | D49: 0
A50: 15 | B50: Je pratique mon loisirs préféré
B51: Au gré des occassions qui se présentent. | C51: 35 | D51: 0
B52: Selon mes horaires habituels. | C52: 36 | D52: 0
B53: En fonction de ma planification. | C53: 37 | D53: 0
A54: 16 | B54: J'essaie de pratiquer une activité physique pour
B55: Eviter de perdre la forme. | C55: 38 | D55: 0
B56: Améliorer ma silhouette. | C56: 39 | D56: 0
A57: 17 | B57: Si je sors avec des connaissances, c'est parce que
B58: Ca me fait plaisir. | C58: 40 | D58: 0
B59: Il faut soigner ses relations sociales. | C59: 41 | D59: 0
A60: 18 | B60: Je pratique divers types d'activités pour
B61: Enrichir et diversifier mon potentiel. | C61: 42 | D61: 0
B62: Rencontrer des gens. | C62: 43 | D62: 0
B63: Maîtriser le plus de domaines différents. | C63: 44 | D63: 0
A64: 19 | B64: Si je vais au spectacle c'est généralement parce que
B65: Quelqu'un me le suggère. | C65: 45 | D65: 0
B66: J'en prends l'initiative. | C66: 46 | D66: 0
A67: 20 | B67: Lorsque j'ai organisé mon week-end
B68: Je suis prêt à modifier mon programme si quelqu'un me le demande. | C68: 47 | D68: 0
B69: J'attends qu'on m'informe du changement de programme. | C69: 48 | D69: 0
B70: Je maintiens ce que j'ai prévu. | C70: 49 | D70: 0
A71: 21 | B71: Si je joue à un jeu de société
B72: Je mets en place ma meilleure stratégie. | C72: 50 | D72: 0
B73: J'observe les autres joueurs pour construire une stratégie adaptée. | C73: 51 | D73: 0
A74: 22 | B74: Dans une relation de couple
B75: Je compte surtout sur mon partenaire pour assurer la qualité de la relation. | C75: 52 | D75: 0
B76: Je fais les efforts nécessaires pour m'adapter à mon partenaire de façon à évoluer ensemble. | C76: 53 | D76: 0
B77: Je m'arrange pour que nous progressions constamment. | C77: 54 | D77: 0
A78: 23 | B78: Face à une proposition de dernière minute pour occuper ma soirée
B79: Je suis généralement prêt à accepter. | C79: 55 | D79: 0
B80: J'hésite à cause de la journée du lendemain qui s'annonce chargée. | C80: 56 | D80: 0
B81: Je décide en fonction du déroulement de la dernière soirée du même genre. | C81: 57 | D81: 0
A82: 24 | B82: Si je m'occupe des enfants
B83: Je prends plaisir à leur faire des expériences nouvelles | C83: 58 | D83: 0
B84: Je suis conscient de la nécessité de leur faire faire des expériences nouvelles. | C84: 59 | D84: 0
A85: 25 | B85: Dans mon contexte professionnel avec mes collègues
B86: Je fais le maximum pour me comporter de la façon la plus adéquate. | C86: 60 | D86: 0
B87: J'adapte mes réactions constamment en fonction des réactions des autres sans me renier moi-même. | C87: 61 | D87: 0
A88: 26 | B88: Si je choisis des vacances en toute liberté, c'est pour
B89: Faire plaisir à mon compagnon. | C89: 62 | D89: 0
B90: Profiter de toutes les occasions de découvertes. | C90: 63 | D90: 0
B91: Pouvoir décider semon mon choix du moment. | C91: 64 | D91: 0
A92: 27 | B92: Si je suis rigoureux et honnête au travail
B93: C'est que je déteste avoir des ennuis. | C93: 65 | D93: 0
B94: C'est que je veux contribuer à la réussite de l'entreprise. | C94: 66 | D94: 0
A95: 28 | B95: Je suis prêt à m'impliquer dans une cause humanitaire
B96: J'attends cependant que l'occasion se présente. | C96: 67 | D96: 0
B97: Je le fais quand je suis prêt. | C97: 68 | D97: 0
A98: 29 | B98: En cas de rupture amicale ou amoureuse irréversible
B99: Je me dis que je vais en tirer le meilleur parti pour grandir. | C99: 69 | D99: 0
B100: Je me dis qu'au moins, c'est moi qui ai décidé d'en finir. | C100: 70 | D100: 0
...

Sheet Résultats (M)
A1: Rapport au temps | G1: Orientation | K1: Opérateur modal | O1: Base de motivaton | U1: Implication | AA1: Déclencheur de décision | AE1: Centration de l'action
A2: Passé | C2: Présent | E2: Futur | G2: Aller vers | I2: S'éloigner | K2: Nécessité | M2: Désir | O2: Identité | Q2: Pouvoir | S2: Relation | U2: Proactivité | W2: Passivité | Y2: Réactivité | AA2: Personnel | AC2: Orienté par autrui | AE2: Sur moi | AG2: Sur l'autre
A3: 3 | B3: =VALUE(LEFT(INDEX('Métaprofil (M)'!$D:$D,MATCH(A3,'Métaprofil (M)'!$C:$C,0)),1)) -> 0 | C3: 2 | D3: =VALUE(LEFT(INDEX('Métaprofil (M)'!$D:$D,MATCH(C3,'Métaprofil (M)'!$C:$C,0)),1)) -> 3 | E3: 1 | F3: =VALUE(LEFT(INDEX('Métaprofil (M)'!$D:$D,MATCH(E3,'Métaprofil (M)'!$C:$C,0)),1)) -> 1 | G3: 5 | H3: =VALUE(LEFT(INDEX('Métaprofil (M)'!$D:$D,MATCH(G3,'Métaprofil (M)'!$C:$C,0)),1)) -> 0 | I3: 4 | J3: =VALUE(LEFT(INDEX('Métaprofil (M)'!$D:$D,MATCH(I3,'Métaprofil (M)'!$C:$C,0)),1)) -> 2 | K3: 7 | L3: =VALUE(LEFT(INDEX('Métaprofil (M)'!$D:$D,MATCH(K3,'Métaprofil (M)'!$C:$C,0)),1)) -> 0 | M3: 6 | N3: =VALUE(LEFT(INDEX('Métaprofil (M)'!$D:$D,MATCH(M3,'Métaprofil (M)'!$C:$C,0)),1)) -> 0 | O3: 11 | P3: =VALUE(LEFT(INDEX('Métaprofil (M)'!$D:$D,MATCH(O3,'Métaprofil (M)'!$C:$C,0)),1)) -> 0 | Q3: 13 | R3: =VALUE(LEFT(INDEX('Métaprofil (M)'!$D:$D,MATCH(Q3,'Métaprofil (M)'!$C:$C,0)),1)) -> 0 | S3: 12 | T3: =VALUE(LEFT(INDEX('Métaprofil (M)'!$D:$D,MATCH(S3,'Métaprofil (M)'!$C:$C,0)),1)) -> 0 | U3: 10 | V3: =VALUE(LEFT(INDEX('Métaprofil (M)'!$D:$D,MATCH(U3,'Métaprofil (M)'!$C:$C,0)),1)) -> 0 | W3: 9 | X3: =VALUE(LEFT(INDEX('Métaprofil (M)'!$D:$D,MATCH(W3,'Métaprofil (M)'!$C:$C,0)),1)) -> 0 | Y3: 8 | Z3: =VALUE(LEFT(INDEX('Métaprofil (M)'!$D:$D,MATCH(Y3,'Métaprofil (M)'!$C:$C,0)),1)) -> 0 | AA3: 14 | AB3: =VALUE(LEFT(INDEX('Métaprofil (M)'!$D:$D,MATCH(AA3,'Métaprofil (M)'!$C:$C,0)),1)) -> 0 | AC3: 15 | AD3: =VALUE(LEFT(INDEX('Métaprofil (M)'!$D:$D,MATCH(AC3,'Métaprofil (M)'!$C:$C,0)),1)) -> 0 | AE3: 16 | AF3: =VALUE(LEFT(INDEX('Métaprofil (M)'!$D:$D,MATCH(AE3,'Métaprofil (M)'!$C:$C,0)),1)) -> 0 | AG3: 17 | AH3: =VALUE(LEFT(INDEX('Métaprofil (M)'!$D:$D,MATCH(AG3,'Métaprofil (M)'!$C:$C,0)),1)) -> 0
A4: 19 | B4: =VALUE(LEFT(INDEX('Métaprofil (M)'!$D:$D,MATCH(A4,'Métaprofil (M)'!$C:$C,0)),1)) -> 0 | C4: 18 | D4: =VALUE(LEFT(INDEX('Métaprofil (M)'!$D:$D,MATCH(C4,'Métaprofil (M)'!$C:$C,0)),1)) -> 0 | E4: 20 | F4: =VALUE(LEFT(INDEX('Métaprofil (M)'!$D:$D,MATCH(E4,'Métaprofil (M)'!$C:$C,0)),1)) -> 0 | G4: 22 | H4: =VALUE(LEFT(INDEX('Métaprofil (M)'!$D:$D,MATCH(G4,'Métaprofil (M)'!$C:$C,0)),1)) -> 0 | I4: 21 | J4: =VALUE(LEFT(INDEX('Métaprofil (M)'!$D:$D,MATCH(I4,'Métaprofil (M)'!$C:$C,0)),1)) -> 0 | K4: 24 | L4: =VALUE(LEFT(INDEX('Métaprofil (M)'!$D:$D,MATCH(K4,'Métaprofil (M)'!$C:$C,0)),1)) -> 0 | M4: 23 | N4: =VALUE(LEFT(INDEX('Métaprofil (M)'!$D:$D,MATCH(M4,'Métaprofil (M)'!$C:$C,0)),1)) -> 0 | O4: 25 | P4: =VALUE(LEFT(INDEX('Métaprofil (M)'!$D:$D,MATCH(O4,'Métaprofil (M)'!$C:$C,0)),1)) -> 0 | Q4: 26 | R4: =VALUE(LEFT(INDEX('Métaprofil (M)'!$D:$D,MATCH(Q4,'Métaprofil (M)'!$C:$C,0)),1)) -> 0 | S4: 27 | T4: =VALUE(LEFT(INDEX('Métaprofil (M)'!$D:$D,MATCH(S4,'Métaprofil (M)'!$C:$C,0)),1)) -> 0 | U4: 30 | V4: =VALUE(LEFT(INDEX('Métaprofil (M)'!$D:$D,MATCH(U4,'Métaprofil (M)'!$C:$C,0)),1)) -> 0 | W4: 31 | X4: =VALUE(LEFT(INDEX('Métaprofil (M)'!$D:$D,MATCH(W4,'Métaprofil (M)'!$C:$C,0)),1)) -> 0 | Y4: 32 | Z4: =VALUE(LEFT(INDEX('Métaprofil (M)'!$D:$D,MATCH(Y4,'Métaprofil (M)'!$C:$C,0)),1)) -> 0 | AA4: 29 | AB4: =VALUE(LEFT(INDEX('Métaprofil (M)'!$D:$D,MATCH(AA4,'Métaprofil (M)'!$C:$C,0)),1)) -> 0 | AC4: 28 | AD4: =VALUE(LEFT(INDEX('Métaprofil (M)'!$D:$D,MATCH(AC4,'Métaprofil (M)'!$C:$C,0)),1)) -> 0 | AE4: 33 | AF4: =VALUE(LEFT(INDEX('Métaprofil (M)'!$D:$D,MATCH(AE4,'Métaprofil (M)'!$C:$C,0)),1)) -> 0 | AG4: 34 | AH4: =VALUE(LEFT(INDEX('Métaprofil (M)'!$D:$D,MATCH(AG4,'Métaprofil (M)'!$C:$C,0)),1)) -> 0
A5: 36 | B5: =VALUE(LEFT(INDEX('Métaprofil (M)'!$D:$D,MATCH(A5,'Métaprofil (M)'!$C:$C,0)),1)) -> 0 | C5: 35 | D5: =VALUE(LEFT(INDEX('Métaprofil (M)'!$D:$D,MATCH(C5,'Métaprofil (M)'!$C:$C,0)),1)) -> 0 | E5: 37 | F5: =VALUE(LEFT(INDEX('Métaprofil (M)'!$D:$D,MATCH(E5,'Métaprofil (M)'!$C:$C,0)),1)) -> 0 | G5: 39 | H5: =VALUE(LEFT(INDEX('Métaprofil (M)'!$D:$D,MATCH(G5,'Métaprofil (M)'!$C:$C,0)),1)) -> 0 | I5: 38 | J5: =VALUE(LEFT(INDEX('Métaprofil (M)'!$D:$D,MATCH(I5,'Métaprofil (M)'!$C:$C,0)),1)) -> 0 | K5: 41 | L5: =VALUE(LEFT(INDEX('Métaprofil (M)'!$D:$D,MATCH(K5,'Métaprofil (M)'!$C:$C,0)),1)) -> 0 | M5: 40 | N5: =VALUE(LEFT(INDEX('Métaprofil (M)'!$D:$D,MATCH(M5,'Métaprofil (M)'!$C:$C,0)),1)) -> 0 | O5: 42 | P5: =VALUE(LEFT(INDEX('Métaprofil (M)'!$D:$D,MATCH(O5,'Métaprofil (M)'!$C:$C,0)),1)) -> 0 | Q5: 44 | R5: =VALUE(LEFT(INDEX('Métaprofil (M)'!$D:$D,MATCH(Q5,'Métaprofil (M)'!$C:$C,0)),1)) -> 0 | S5: 43 | T5: =VALUE(LEFT(INDEX('Métaprofil (M)'!$D:$D,MATCH(S5,'Métaprofil (M)'!$C:$C,0)),1)) -> 0 | U5: 49 | V5: =VALUE(LEFT(INDEX('Métaprofil (M)'!$D:$D,MATCH(U5,'Métaprofil (M)'!$C:$C,0)),1)) -> 0 | W5: 48 | X5: =VALUE(LEFT(INDEX('Métaprofil (M)'!$D:$D,MATCH(W5,'Métaprofil (M)'!$C:$C,0)),1)) -> 0 | Y5: 47 | Z5: =VALUE(LEFT(INDEX('Métaprofil (M)'!$D:$D,MATCH(Y5,'Métaprofil (M)'!$C:$C,0)),1)) -> 0 | AA5: 46 | AB5: =VALUE(LEFT(INDEX('Métaprofil (M)'!$D:$D,MATCH(AA5,'Métaprofil (M)'!$C:$C,0)),1)) -> 0 | AC5: 45 | AD5: =VALUE(LEFT(INDEX('Métaprofil (M)'!$D:$D,MATCH(AC5,'Métaprofil (M)'!$C:$C,0)),1)) -> 0 | AE5: 50 | AF5: =VALUE(LEFT(INDEX('Métaprofil (M)'!$D:$D,MATCH(AE5,'Métaprofil (M)'!$C:$C,0)),1)) -> 0 | AG5: 51 | AH5: =VALUE(LEFT(INDEX('Métaprofil (M)'!$D:$D,MATCH(AG5,'Métaprofil (M)'!$C:$C,0)),1)) -> 0
A6: 57 | B6: =VALUE(LEFT(INDEX('Métaprofil (M)'!$D:$D,MATCH(A6,'Métaprofil (M)'!$C:$C,0)),1)) -> 0 | C6: 55 | D6: =VALUE(LEFT(INDEX('Métaprofil (M)'!$D:$D,MATCH(C6,'Métaprofil (M)'!$C:$C,0)),1)) -> 0 | E6: 56 | F6: =VALUE(LEFT(INDEX('Métaprofil (M)'!$D:$D,MATCH(E6,'Métaprofil (M)'!$C:$C,0)),1)) -> 0 | G6: 66 | H6: =VALUE(LEFT(INDEX('Métaprofil (M)'!$D:$D,MATCH(G6,'Métaprofil (M)'!$C:$C,0)),1)) -> 0 | I6: 65 | J6: =VALUE(LEFT(INDEX('Métaprofil (M)'!$D:$D,MATCH(I6,'Métaprofil (M)'!$C:$C,0)),1)) -> 0 | K6: 59 | L6: =VALUE(LEFT(INDEX('Métaprofil (M)'!$D:$D,MATCH(K6,'Métaprofil (M)'!$C:$C,0)),1)) -> 0 | M6: 58 | N6: =VALUE(LEFT(INDEX('Métaprofil (M)'!$D:$D,MATCH(M6,'Métaprofil (M)'!$C:$C,0)),1)) -> 0 | O6: 63 | P6: =VALUE(LEFT(INDEX('Métaprofil (M)'!$D:$D,MATCH(O6,'Métaprofil (M)'!$C:$C,0)),1)) -> 0 | Q6: 64 | R6: =VALUE(LEFT(INDEX('Métaprofil (M)'!$D:$D,MATCH(Q6,'Métaprofil (M)'!$C:$C,0)),1)) -> 0 | S6: 62 | T6: =VALUE(LEFT(INDEX('Métaprofil (M)'!$D:$D,MATCH(S6,'Métaprofil (M)'!$C:$C,0)),1)) -> 0 | U6: 54 | V6: =VALUE(LEFT(INDEX('Métaprofil (M)'!$D:$D,MATCH(U6,'Métaprofil (M)'!$C:$C,0)),1)) -> 0 | W6: 52 | X6: =VALUE(LEFT(INDEX('Métaprofil (M)'!$D:$D,MATCH(W6,'Métaprofil (M)'!$C:$C,0)),1)) -> 0 | Y6: 53 | Z6: =VALUE(LEFT(INDEX('Métaprofil (M)'!$D:$D,MATCH(Y6,'Métaprofil (M)'!$C:$C,0)),1)) -> 0 | AA6: 68 | AB6: =VALUE(LEFT(INDEX('Métaprofil (M)'!$D:$D,MATCH(AA6,'Métaprofil (M)'!$C:$C,0)),1)) -> 0 | AC6: 67 | AD6: =VALUE(LEFT(INDEX('Métaprofil (M)'!$D:$D,MATCH(AC6,'Métaprofil (M)'!$C:$C,0)),1)) -> 0 | AE6: 60 | AF6: =VALUE(LEFT(INDEX('Métaprofil (M)'!$D:$D,MATCH(AE6,'Métaprofil (M)'!$C:$C,0)),1)) -> 0 | AG6: 61 | AH6: =VALUE(LEFT(INDEX('Métaprofil (M)'!$D:$D,MATCH(AG6,'Métaprofil (M)'!$C:$C,0)),1)) -> 0
A7: 83 | B7: =VALUE(LEFT(INDEX('Métaprofil (M)'!$D:$D,MATCH(A7,'Métaprofil (M)'!$C:$C,0)),1)) -> 0 | C7: 84 | D7: =VALUE(LEFT(INDEX('Métaprofil (M)'!$D:$D,MATCH(C7,'Métaprofil (M)'!$C:$C,0)),1)) -> 0 | E7: 85 | F7: =VALUE(LEFT(INDEX('Métaprofil (M)'!$D:$D,MATCH(E7,'Métaprofil (M)'!$C:$C,0)),1)) -> 0 | G7: 72 | H7: =VALUE(LEFT(INDEX('Métaprofil (M)'!$D:$D,MATCH(G7,'Métaprofil (M)'!$C:$C,0)),1)) -> 0 | I7: 73 | J7: =VALUE(LEFT(INDEX('Métaprofil (M)'!$D:$D,MATCH(I7,'Métaprofil (M)'!$C:$C,0)),1)) -> 0 | K7: 79 | L7: =VALUE(LEFT(INDEX('Métaprofil (M)'!$D:$D,MATCH(K7,'Métaprofil (M)'!$C:$C,0)),1)) -> 0 | M7: 78 | N7: =VALUE(LEFT(INDEX('Métaprofil (M)'!$D:$D,MATCH(M7,'Métaprofil (M)'!$C:$C,0)),1)) -> 0 | O7: 69 | P7: =VALUE(LEFT(INDEX('Métaprofil (M)'!$D:$D,MATCH(O7,'Métaprofil (M)'!$C:$C,0)),1)) -> 0 | Q7: 70 | R7: =VALUE(LEFT(INDEX('Métaprofil (M)'!$D:$D,MATCH(Q7,'Métaprofil (M)'!$C:$C,0)),1)) -> 0 | S7: 71 | T7: =VALUE(LEFT(INDEX('Métaprofil (M)'!$D:$D,MATCH(S7,'Métaprofil (M)'!$C:$C,0)),1)) -> 0 | U7: 82 | V7: =VALUE(LEFT(INDEX('Métaprofil (M)'!$D:$D,MATCH(U7,'Métaprofil (M)'!$C:$C,0)),1)) -> 0 | W7: 81 | X7: =VALUE(LEFT(INDEX('Métaprofil (M)'!$D:$D,MATCH(W7,'Métaprofil (M)'!$C:$C,0)),1)) -> 0 | Y7: 80 | Z7: =VALUE(LEFT(INDEX('Métaprofil (M)'!$D:$D,MATCH(Y7,'Métaprofil (M)'!$C:$C,0)),1)) -> 0 | AA7: 75 | AB7: =VALUE(LEFT(INDEX('Métaprofil (M)'!$D:$D,MATCH(AA7,'Métaprofil (M)'!$C:$C,0)),1)) -> 0 | AC7: 74 | AD7: =VALUE(LEFT(INDEX('Métaprofil (M)'!$D:$D,MATCH(AC7,'Métaprofil (M)'!$C:$C,0)),1)) -> 0 | AE7: 77 | AF7: =VALUE(LEFT(INDEX('Métaprofil (M)'!$D:$D,MATCH(AE7,'Métaprofil (M)'!$C:$C,0)),1)) -> 0 | AG7: 76 | AH7: =VALUE(LEFT(INDEX('Métaprofil (M)'!$D:$D,MATCH(AG7,'Métaprofil (M)'!$C:$C,0)),1)) -> 0
B8: =SUM(B3:B7) -> 0 | D8: =SUM(D3:D7) -> 3 | F8: =SUM(F3:F7) -> 1 | H8: =SUM(H3:H7) -> 0 | J8: =SUM(J3:J7) -> 2 | L8: =SUM(L3:L7) -> 0 | N8: =SUM(N3:N7) -> 0 | P8: =SUM(P3:P7) -> 0 | R8: =SUM(R3:R7) -> 0 | T8: =SUM(T3:T7) -> 0 | V8: =SUM(V3:V7) -> 0 | X8: =SUM(X3:X7) -> 0 | Z8: =SUM(Z3:Z7) -> 0 | AB8: =SUM(AB3:AB7) -> 0 | AD8: =SUM(AD3:AD7) -> 0 | AF8: =SUM(AF3:AF7) -> 0 | AH8: =SUM(AH3:AH7) -> 0
A9: Rapport au temps | G9: Orientation | K9: Opérateur modal | O9: Base de motivation | U9: Implication | AA9: Déclencheur de décision | AE9: Centration de l'action
